Workbook
Name _0: #REF!
Name _expansao: #REF!
Name Área_impressão_IM: NA()
Name bocais: #REF!
Name calculo_de_hf: #REF!
Name DIMENSIONAMENTO_DE_TUBULAÇÃO: #REF!
Name DTUBOS: #REF!
Name Excel_BuiltIn_Database: #REF!
Name Excel_BuiltIn_Database_7: #REF!
Name Excel_BuiltIn_Print_Area: BDI!#REF!
Name Excel_BuiltIn_Print_Area: 'CRON. FISICO-FINAC'!$A$8:$P$28
Name Excel_BuiltIn_Print_Area: #REF!
Name ff: #REF!
Name kk: #REF!
Name LL: [1]PL018407!$A$7:$E$161
Name M: #REF!
Name N: #REF!
Name OUTRO: #REF!
Name Payment_Needed: "Pagamento necessário"
Name reducao: #REF!
Name Reimbursement: "Reembolso"
Name RESUMO: #REF!
Name ss: [2]PL001708!$A$7:$E$206
Name SUCCAO: #REF!
Name tabtubo: #REF!
Name TABTUBOMM: #REF!
Name TEST: #REF!
Name Tubos_PRFV: #REF!
Name VAZAO: #REF!

Sheet Planilha2

Sheet ORÇAMENTO ANALITICO
E2: Obra: Reforma, Ampliação e Adequação Sede Própria do IMP | I2: BDI | J2: PRAZO EXECUÇÃO
J3: 6 MESES
J4: DATA
I5: 0.2223 | J5: 46050
I6: REFERÊNCIAS
E8: Endereço: Rua Newton Penido n° 54/56 Municipío de Itaúna | I8: SETOP OUT/2025
I9: SINAPI 12/2025
A10: ITEM | B10: CODIGO | C10: BANCO | D10: SERVIÇO | E10: UND | F10: QUANT. | G10: VALOR UNITÁRIO | H10: VALOR UNITÁRIO (COM BDI) | I10: CUSTO TOTAL | J10: CUSTO TOTAL (COM BDI)
I11: =SUM(I13:I188)/2 -> 671622.62 | J11: =SUM(J13:J188)/2 -> 820933.6
A13: 01 | D13: SERVIÇOS PRELIMINARES | I13: =SUM(I14:I17) -> 6441.98 | J13: =SUM(J14:J17) -> 7874.29
A14: 01.01 | B14: ED-28427 | C14: SETOP | D14: FORNECIMENTO E COLOCAÇÃO DE PLACA DE OBRA EM CHAPA GALVANIZADA #26, ESP. 0,45MM, DIMENSÃO (3X1,5)M, PLOTADA COM ADESIVO VINÍLICO, AFIXADA COM REBITES 4,8X40MM, EM ESTRUTURA METÁLICA DE METALON 20X20MM, ESP. 1,25MM, INCLUSIVE SUPORTE EM EUCALIPTO AUTOCLAVADO PINTADO COM TINTA PVA DUAS (2) DEMÃOS | E14: UND | F14: 1 | G14: 1153.26 | H14: =ROUND(G14*(1+$I$5),2) -> 1409.63 | I14: =ROUND(G14*F14,2) -> 1153.26 | J14: =ROUND(F14*H14,2) -> 1409.63
A15: 01.02 | B15: ED-19633 | C15: SETOP | D15: ESCORAMENTO METÁLICO PARA LAJE E VIGA EM CONCRETO ARMADO, TIPO "A", ALTURA DE (200 ATÉ 310)CM, INCLUSIVE DESCARGA, MONTAGEM, DESMONTAGEM E CARGA | E15: M2XMES | F15: 92 | G15: 19.87 | H15: =ROUND(G15*(1+$I$5),2) -> 24.29 | I15: =ROUND(G15*F15,2) -> 1828.04 | J15: =ROUND(F15*H15,2) -> 2234.68
A16: 01.03 | B16: CO-27430 | C16: SETOP | D16: PROJETO EXECUTIVO DE INSTALAÇÕES HIDRO SANITÁRIAS | E16: PR A1 | F16: 2 | G16: 1730.34 | H16: =ROUND(G16*(1+$I$5),2) -> 2114.99 | I16: =ROUND(G16*F16,2) -> 3460.68 | J16: =ROUND(F16*H16,2) -> 4229.98
A18: 02 | D18: ESCAVAÇÕES, DEMOLIÇÕES E REMOÇÃO | I18: =SUM(I19:I32) -> 12883.45 | J18: =SUM(J19:J32) -> 15747.26
A19: 02.01 | B19: ED-48435 | C19: SETOP | D19: DEMOLIÇÃO MANUAL DE ALVENARIA DE TIJOLO CERÂMICO OU BLOCO DE CONCRETO, INCLUSIVE AFASTAMENTO E EMPILHAMENTO, EXCLUSIVE TRANSPORTE E RETIRADA DO MATERIAL DEMOLIDO | E19: M3 | F19: 9.44 | G19: 109.09 | H19: =ROUND(G19*(1+$I$5),2) -> 133.34 | I19: =ROUND(G19*F19,2) -> 1029.81 | J19: =ROUND(F19*H19,2) -> 1258.73
A20: 02.02 | B20: ED-48502 | C20: SETOP | D20: DEMOLIÇÃO MANUAL DE REVESTIMENTO CERÂMICO, AZULEJO OU LADRILHO HIDRÁULICO, INCLUSIVE AFASTAMENTO E EMPILHAMENTO, EXCLUSIVE DEMOLIÇÃO DO REBOCO OU EMBOÇO, TRANSPORTE E RETIRADA DO MATERIAL DEMOLIDO | E20: M2 | F20: 133.21 | G20: 21.54 | H20: =ROUND(G20*(1+$I$5),2) -> 26.33 | I20: =ROUND(G20*F20,2) -> 2869.34 | J20: =ROUND(F20*H20,2) -> 3507.42
A21: 02.03 | B21: ED-48480 | C21: SETOP | D21: DEMOLIÇÃO MANUAL DE PISO CERÂMICO OU LADRILHO HIDRÁULICO, INCLUSIVE AFASTAMENTO E EMPILHAMENTO, EXCLUSIVE DEMOLIÇÃO DE CONTRAPISO, TRANSPORTE E RETIRADA DO MATERIAL DEMOLIDO | E21: M2 | F21: 53.53 | G21: 17.23 | H21: =ROUND(G21*(1+$I$5),2) -> 21.06 | I21: =ROUND(G21*F21,2) -> 922.32 | J21: =ROUND(F21*H21,2) -> 1127.34
A22: 02.04 | B22: 97628 | C22: SINAPI | D22: DEMOLIÇÃO DE LAJES, EM CONCRETO ARMADO, DE FORMA MANUAL, SEM REAPROVEITAMENTO. AF_09/2023 | E22: M3 | F22: =8.24*0.12 -> 0.9888 | G22: 280 | H22: =ROUND(G22*(1+$I$5),2) -> 342.24 | I22: =ROUND(G22*F22,2) -> 276.86 | J22: =ROUND(F22*H22,2) -> 338.41
A23: 02.05 | B23: ED-51107 | C23: SETOP | D23: ESCAVAÇÃO MANUAL DE VALA COM PROFUNDIDADE MENOR OU IGUAL A 1,5M, INCLUSIVE DESCARGA LATERAL | E23: M3 | F23: 7.91 | G23: 71.42 | H23: =ROUND(G23*(1+$I$5),2) -> 87.3 | I23: =ROUND(G23*F23,2) -> 564.93 | J23: =ROUND(F23*H23,2) -> 690.54
A24: 02.06 | B24: ED-51093 | C24: SETOP | D24: PILOAMENTO MANUAL EM FUNDO DE VALA COM SOQUETE, EXCLUSIVE ESCAVAÇÃO | E24: M2 | F24: 7.6 | G24: 24.08 | H24: =ROUND(G24*(1+$I$5),2) -> 29.43 | I24: =ROUND(G24*F24,2) -> 183.01 | J24: =ROUND(F24*H24,2) -> 223.67
A25: 02.07 | B25: ED-51133 | C25: SETOP | D25: TRANSPORTE DE MATERIAL DE QUALQUER NATUREZA COM CARRINHO DE MÃO, COM DISTÂNCIAS MENORES OU IGUAIS A 50M, INCLUSIVE CARGA/DESCARGA | E25: M3 | F25: =F19+F22+F23+(F31*0.1) -> 26.3688 | G25: 24.77 | H25: =ROUND(G25*(1+$I$5),2) -> 30.28 | I25: =ROUND(G25*F25,2) -> 653.16 | J25: =ROUND(F25*H25,2) -> 798.45
A26: 02.08 | B26: ED-51125 | C26: SETOP | D26: TRANSPORTE DE MATERIAL DEMOLIDO EM CAÇAMBA, EXCLUSIVE CARGA MANUAL OU MECÂNICA | E26: M3 | F26: =F25 -> 26.3688 | G26: 60 | H26: =ROUND(G26*(1+$I$5),2) -> 73.34 | I26: =ROUND(G26*F26,2) -> 1582.13 | J26: =ROUND(F26*H26,2) -> 1933.89
A27: 02.09 | B27: ED-48512 | C27: SETOP | D27: REMOÇÃO MANUAL DE TELHA EM FIBROCIMENTO, TIPO ONDULADA, COM REAPROVEITAMENTO, INCLUSIVE AFASTAMENTO E EMPILHAMENTO, EXCLUSIVE TRANSPORTE E RETIRADA DO MATERIAL REMOVIDO NÃO REAPROVEITÁVEL | E27: M2 | F27: 69.84 | G27: 13.31 | H27: =ROUND(G27*(1+$I$5),2) -> 16.27 | I27: =ROUND(G27*F27,2) -> 929.57 | J27: =ROUND(F27*H27,2) -> 1136.3
A28: 02.10 | B28: ED-48494 | C28: SETOP | D28: REMOÇÃO MANUAL DE FOLHA DE PORTA OU JANELA DE MADEIRA OU METÁLICA, COM REAPROVEITAMENTO, INCLUSIVE AFASTAMENTO E EMPILHAMENTO, EXCLUSIVE TRANSPORTE E RETIRADA DO MATERIAL REMOVIDO NÃO REAPROVEITÁVEL | E28: M2 | F28: 18.16 | G28: 9.43 | H28: =ROUND(G28*(1+$I$5),2) -> 11.53 | I28: =ROUND(G28*F28,2) -> 171.25 | J28: =ROUND(F28*H28,2) -> 209.38
A29: 02.11 | B29: ED-48495 | C29: SETOP | D29: REMOÇÃO MANUAL DE MARCO EM MADEIRA OU METÁLICO, COM REAPROVEITAMENTO, INCLUSIVE AFASTAMENTO E EMPILHAMENTO, EXCLUSIVE TRANSPORTE E RETIRADA DO MATERIAL REMOVIDO NÃO REAPROVEITÁVEL | E29: U | F29: 11 | G29: 18.76 | H29: =ROUND(G29*(1+$I$5),2) -> 22.93 | I29: =ROUND(G29*F29,2) -> 206.36 | J29: =ROUND(F29*H29,2) -> 252.23
A30: 02.12 | B30: ED-48509 | C30: SETOP | D30: REMOÇÃO MANUAL DE TELHA METÁLICA OU PVC, COM REAPROVEITAMENTO, INCLUSIVE AFASTAMENTO E EMPILHAMENTO, EXCLUSIVE TRANSPORTE E RETIRADA DO MATERIAL REMOVIDO NÃO REAPROVEITÁVEL | E30: M2 | F30: 215.92 | G30: 9.32 | H30: =ROUND(G30*(1+$I$5),2) -> 11.39 | I30: =ROUND(G30*F30,2) -> 2012.37 | J30: =ROUND(F30*H30,2) -> 2459.33
A31: 02.13 | B31: ED-48479 | C31: SETOP | D31: DEMOLIÇÃO MANUAL DE PISO CIMENTADO OU CONTRAPISO DE ARGAMASSA, COM ESPESSURA MÁXIMA DE 10CM, INCLUSIVE AFASTAMENTO E EMPILHAMENTO, EXCLUSIVE TRANSPORTE E RETIRADA DO MATERIAL DEMOLIDO | E31: M2 | F31: 80.3 | G31: 18.46 | H31: =ROUND(G31*(1+$I$5),2) -> 22.56 | I31: =ROUND(G31*F31,2) -> 1482.34 | J31: =ROUND(F31*H31,2) -> 1811.57
A33: 03 | D33: ALVENÁRIAS | I33: =SUM(I34:I38) -> 29528.1 | J33: =SUM(J34:J39) -> 36093.23
A34: 03.01 | B34: ED-48232 | C34: SETOP | D34: ALVENARIA DE VEDAÇÃO COM TIJOLO CERÂMICO FURADO, ESP. 14CM, PARA REVESTIMENTO, INCLUSIVE ARGAMASSA PARA ASSENTAMENTO | E34: M2 | F34: 202.32 | G34: 70.88 | H34: =ROUND(G34*(1+$I$5),2) -> 86.64 | I34: =ROUND(G34*F34,2) -> 14340.44 | J34: =ROUND(F34*H34,2) -> 17529
A35: 03.02 | B35: ED-8346 | C35: SETOP | D35: ENCUNHAMENTO DE ALVENARIA DE VEDAÇÃO COM ARGAMASSA, INCLUSIVE ADITIVO EXPANSOR PARA ENCUNHAMENTO | E35: M | F35: =3.25+3.1+3.1+5.6 -> 15.05 | G35: 7.07 | H35: =ROUND(G35*(1+$I$5),2) -> 8.64 | I35: =ROUND(G35*F35,2) -> 106.4 | J35: =ROUND(F35*H35,2) -> 130.03
A36: 03.03 | B36: ED-9903 | C36: SETOP | D36: VERGA OU CONTRAVERGA EM CONCRETO ESTRUTURAL PARA VÃOS DE ATÉ 150CM, PREPARADO EM OBRA COM BETONEIRA, CONTROLE "A", COM FCK 20 MPA, MOLDADA IN LOCO, INCLUSIVE ARMAÇÃO | E36: M3 | F36: 2.22 | G36: 3330.96 | H36: =ROUND(G36*(1+$I$5),2) -> 4071.43 | I36: =ROUND(G36*F36,2) -> 7394.73 | J36: =ROUND(F36*H36,2) -> 9038.57
A37: 03.04 | B37: ED-48201 | C37: SETOP | D37: ALVENARIA ESTRUTURAL COM BLOCO DE CONCRETO, ESP. 14CM , (FBK 4,5MPA), PARA REVESTIMENTO, INCLUSIVE ARGAMASSA PARA ASSENTAMENTO | E37: M2 | F37: 83.66 | G37: 84.19 | H37: =ROUND(G37*(1+$I$5),2) -> 102.91 | I37: =ROUND(G37*F37,2) -> 7043.34 | J37: =ROUND(F37*H37,2) -> 8609.45
A38: 03.05 | B38: ED-48213 | C38: SETOP | D38: ALVENARIA DE BLOCO DE CONCRETO CHEIO COM ARMAÇÃO, EM CONCRETO COM FCK 15MPA , ESP. 14CM, PARA REVESTIMENTO, INCLUSIVE ARGAMASSA PARA ASSENTAMENTO (DETALHE D CADERNO SEDS) | E38: M2 | F38: 2.88 | G38: 223.33 | H38: =ROUND(G38*(1+$I$5),2) -> 272.98 | I38: =ROUND(G38*F38,2) -> 643.19 | J38: =ROUND(F38*H38,2) -> 786.18
A40: 04 | D40: DIVISÕES E REVESTIMENTOS | I40: =SUM(I41:I50) -> 100261.22 | J40: =SUM(J41:J50) -> 122551.94
A41: 04.01 | B41: ED-48209 | C41: SETOP | D41: PAREDE EM CHAPA DE GESSO ACARTONADO (DRYWALL), DIVISÃO ENTRE ÁREAS SECAS DE UMA MESMA UNIDADE (ST/ST), ESP. 115 MM, INCLUSIVE MONTANTES, GUIAS E ACESSÓRIOS, EXCLUSIVE ISOLANTE TÉRMICO/ACÚSTICO | E41: M2 | F41: 54.81 | G41: 84.29 | H41: =ROUND(G41*(1+$I$5),2) -> 103.03 | I41: =ROUND(G41*F41,2) -> 4619.93 | J41: =ROUND(F41*H41,2) -> 5647.07
A42: 04.02 | B42: ED-48533 | C42: SETOP | D42: DIVISÓRIA EM GRANITO CINZA ANDORINHA, ESP. 3CM, INCLUSIVE INSTALAÇÃO, FERRAGENS EM LATÃO CROMADO E ACESSÓRIOS | E42: M2 | F42: 9.13 | G42: 677.65 | H42: =ROUND(G42*(1+$I$5),2) -> 828.29 | I42: =ROUND(G42*F42,2) -> 6186.94 | J42: =ROUND(F42*H42,2) -> 7562.29
A43: 04.03 | B43: ED-50730 | C43: SETOP | D43: CHAPISCO COM ARGAMASSA, TRAÇO 1:2:3 (CIMENTO, AREIA E PEDRISCO), APLICADO COM COLHER, ESP. 5MM, INCLUSIVE ARGAMASSA COM PREPARO MECANIZADO | E43: M2 | F43: 571.97 | G43: 14.79 | H43: =ROUND(G43*(1+$I$5),2) -> 18.08 | I43: =ROUND(G43*F43,2) -> 8459.44 | J43: =ROUND(F43*H43,2) -> 10341.22
A44: 04.04 | B44: ED-50761 | C44: SETOP | D44: REBOCO COM ARGAMASSA, TRAÇO 1:2:8 (CIMENTO, CAL E AREIA) , ESP. 20MM, APLICAÇÃO MANUAL, INCLUSIVE ARGAMASSA COM PREPARO MECANIZADO, EXCLUSIVE CHAPISCO | E44: M2 | F44: =F43 -> 571.97 | G44: 37.56 | H44: =ROUND(G44*(1+$I$5),2) -> 45.91 | I44: =ROUND(G44*F44,2) -> 21483.19 | J44: =ROUND(F44*H44,2) -> 26259.14
A45: 04.05 | B45: ED-9081 | C45: SETOP | D45: REVESTIMENTO COM CERÂMICA APLICADO EM PAREDE, ACABAMENTO ESMALTADO, AMBIENTE INTERNO/EXTERNO, PADRÃO EXTRA, DIMENSÃO DA PEÇA ATÉ 2025 CM2, PEI III, ASSENTAMENTO COM ARGAMASSA INDUSTRIALIZADA, INCLUSIVE REJUNTAMENTO | E45: M2 | F45: 191.12 | G45: 76.1 | H45: =ROUND(G45*(1+$I$5),2) -> 93.02 | I45: =ROUND(G45*F45,2) -> 14544.23 | J45: =ROUND(F45*H45,2) -> 17777.98
A46: 04.06 | B46: ED-50724 | C46: SETOP | D46: REVESTIMENTO COM CERÂMICA APLICADO EM PISO, ACABAMENTO ESMALTADO, AMBIENTE INTERNO, PADRÃO EXTRA, DIMENSÃO DA PEÇA ATÉ 2025 CM2, PEI IV, ASSENTAMENTO COM ARGAMASSA INDUSTRIALIZADA, INCLUSIVE REJUNTAMENTO | E46: M2 | F46: 259.9 | G46: 85.11 | H46: =ROUND(G46*(1+$I$5),2) -> 104.03 | I46: =ROUND(G46*F46,2) -> 22120.09 | J46: =ROUND(F46*H46,2) -> 27037.4
A47: 04.07 | B47: ED-50715 | C47: SETOP | D47: REVESTIMENTO COM AZULEJO BRANCO (15X15CM), JUNTA A PRUMO ASSENTAMENTO COM ARGAMASSA INDUSTRIALIZADA , INCLUSIVE REJUNTAMENTO | E47: M2 | F47: 49.66 | G47: 98.07 | H47: =ROUND(G47*(1+$I$5),2) -> 119.87 | I47: =ROUND(G47*F47,2) -> 4870.16 | J47: =ROUND(F47*H47,2) -> 5952.74
A48: 04.08 | B48: ED-50568 | C48: SETOP | D48: CONTRAPISO DESEMPENADO COM ARGAMASSA, TRAÇO 1:3 ( CIMENTO E AREIA), ESP. 30MM | E48: M2 | F48: 216.39 | G48: 44.85 | H48: =ROUND(G48*(1+$I$5),2) -> 54.82 | I48: =ROUND(G48*F48,2) -> 9705.09 | J48: =ROUND(F48*H48,2) -> 11862.5
A49: 04.09 | B49: 88648 | C49: SINAPI | D49: RODAPÉ CERÂMICO DE 7CM DE ALTURA COM PLACAS TIPO ESMALTADA EXTRA DE DIMENSÕES 35X35CM. AF_02/2023 | E49: M | F49: 142.27 | G49: 7.73 | H49: =ROUND(G49*(1+$I$5),2) -> 9.45 | I49: =ROUND(G49*F49,2) -> 1099.75 | J49: =ROUND(F49*H49,2) -> 1344.45
A50: 04.10 | B50: ED-8915 | C50: SETOP | D50: EXECUÇÃO DE PAVIMENTO COM PISO INTERTRAVADO, TIPO RETANGULAR, ESP. 6CM, COM FCK DE 35MPA, INCLUSIVE COLCHÃO DE AREIA, ESP. 6CM, PARA ASSENTAMENTO, COMPACTAÇÃO MECANIZADA, CARGA E DESCARGA MECÂNICA EM CAMINHÃO, EXCLUSIVE TRANSPORTE DE PISO INTERTRAVADO | E50: M2 | F50: 80.3 | G50: 89.32 | H50: =ROUND(G50*(1+$I$5),2) -> 109.18 | I50: =ROUND(G50*F50,2) -> 7172.4 | J50: =ROUND(F50*H50,2) -> 8767.15
A52: 05 | D52: ESQUADRIAS , GRADE PROTEÇÃO | I52: =SUM(I53:I63) -> 68840.99 | J52: =SUM(J53:J62) -> 84144.42
A53: 05.01 | B53: ED-50955 | C53: SETOP | D53: FORNECIMENTO DE JANELA DE CORRER EM FERRO, INCLUSIVE ASSENTAMENTO, FERRAGENS E ACESSÓRIOS | E53: M2 | F53: 25.28 | G53: 533.57 | H53: =ROUND(G53*(1+$I$5),2) -> 652.18 | I53: =ROUND(G53*F53,2) -> 13488.65 | J53: =ROUND(F53*H53,2) -> 16487.11
A54: 05.02 | B54: ED-50957 | C54: SETOP | D54: FORNECIMENTO DE JANELA BASCULANTE EM METALON, INCLUSIVE ASSENTAMENTO, FERRAGENS E ACESSÓRIOS | E54: M2 | F54: 1.36 | G54: 492.65 | H54: =ROUND(G54*(1+$I$5),2) -> 602.17 | I54: =ROUND(G54*F54,2) -> 670 | J54: =ROUND(F54*H54,2) -> 818.95
A55: 05.03 | B55: ED-50983 | C55: SETOP | D55: PORTÃO DE GRADE EM BARRA REDONDA 1/2" E REQUADRO EM BARRA CHATA 1.1/4"X3/16", EXCLUSIVE CADEADO E PINTURA | E55: M2 | F55: 14.31 | G55: 411.47 | H55: =ROUND(G55*(1+$I$5),2) -> 502.94 | I55: =ROUND(G55*F55,2) -> 5888.14 | J55: =ROUND(F55*H55,2) -> 7197.07
A56: 05.04 | B56: ED-49603 | C56: SETOP | D56: PORTA DE MADEIRA COMPLETA, DIMENSÃO (90X210)CM, TIPO DE ABRIR, UMA (1) FOLHA, ACABAMENTO NATURAL PARA PINTURA/ VERNIZ, TIPO PRANCHETA/SARRAFEADA, INCLUSIVE MARCO, ALIZAR E FERRAGENS, EXCLUSIVE PINTURA/VERNIZ | E56: UNID | F56: 9 | G56: 1107.21 | H56: =ROUND(G56*(1+$I$5),2) -> 1353.34 | I56: =ROUND(G56*F56,2) -> 9964.89 | J56: =ROUND(F56*H56,2) -> 12180.06
A57: 05.05 | B57: ED-49602 | C57: SETOP | D57: PORTA DE MADEIRA COMPLETA, DIMENSÃO (80X210)CM, TIPO DE ABRIR, UMA (1) FOLHA, ACABAMENTO NATURAL PARA PINTURA/ VERNIZ, TIPO PRANCHETA/SARRAFEADA, INCLUSIVE MARCO, ALIZAR E FERRAGENS, EXCLUSIVE PINTURA/VERNIZ | E57: UNID | F57: 10 | G57: 1069.95 | H57: =ROUND(G57*(1+$I$5),2) -> 1307.8 | I57: =ROUND(G57*F57,2) -> 10699.5 | J57: =ROUND(F57*H57,2) -> 13078
A58: 05.06 | B58: ED-50975 | C58: SETOP | D58: PORTA METÁLICA EM CHAPA DOBRADA, DIMENSÃO (90X210)CM, TIPO DE ABRIR, UMA (1) FOLHA, INCLUSIVE ESTRUTURA, DOBRADIÇA E MARCO, EXCLUSIVE FECHADURA E PINTURA | E58: UNID | F58: 1 | G58: 632.95 | H58: =ROUND(G58*(1+$I$5),2) -> 773.65 | I58: =ROUND(G58*F58,2) -> 632.95 | J58: =ROUND(F58*H58,2) -> 773.65
A59: 05.07 | B59: ED-50976 | C59: SETOP | D59: PORTA METÁLICA PARA SANITÁRIO EM EM CHAPA GALVANIZADA, ESP. 1,25MM (GSG-18), DIMENSÃO (60X150)CM, TIPO DE ABRIR, UMA (1) FOLHA, INCLUSIVE BATENTE, ESTRUTURA EM METALON ( 20X30)MM, DOBRADIÇA E TRANQUETA, EXCLUSIVE PINTURA | E59: UNID | F59: 3 | G59: 372.68 | H59: =ROUND(G59*(1+$I$5),2) -> 455.53 | I59: =ROUND(G59*F59,2) -> 1118.04 | J59: =ROUND(F59*H59,2) -> 1366.59
A60: 05.08 | B60: ED-13888 | C60: SETOP | D60: PORTA METÁLICA, TIPO DE CORRER, COM UMA (1) FOLHA, EM CHAPA GALVANIZADA LAMBRIL, MODELO ONDULADA, INCLUSIVE FORNECIMENTO, ASSENTAMENTO, PERFIS PARA MARCO E PINTURA ANTICORROSIVA COM UMA (1) DEMÃO, EXCLUSIVE FECHADURA E ROLDANAS | E60: M2 | F60: 1.47 | G60: 485.4 | H60: =ROUND(G60*(1+$I$5),2) -> 593.3 | I60: =ROUND(G60*F60,2) -> 713.54 | J60: =ROUND(F60*H60,2) -> 872.15
A61: 05.09 | B61: ED-50951 | C61: SETOP | D61: FORNECIMENTO DE GRADE FIXA DE FERRO, PARA PROTEÇÃO DE JANELA, INCLUSIVE ASSENTAMENTO, FERRAGENS E ACESSÓRIOS | E61: M2 | F61: 51.75 | G61: 395.36 | H61: =ROUND(G61*(1+$I$5),2) -> 483.25 | I61: =ROUND(G61*F61,2) -> 20459.88 | J61: =ROUND(F61*H61,2) -> 25008.19
A62: 05.10 | B62: ED-51155 | C62: SETOP | D62: VIDRO COMUM TRANSPARENTE INCOLOR, ESP. 3MM, INCLUSIVE FIXAÇÃO E VEDAÇÃO COM GUARNIÇÃO/GAXETA DE BORRACHA NEOPRENE, FORNECIMENTO E INSTALAÇÃO, EXCLUSIVE CAIXILHO/PERFIL | E62: M2 | F62: 27.98 | G62: 186.04 | H62: =ROUND(G62*(1+$I$5),2) -> 227.4 | I62: =ROUND(G62*F62,2) -> 5205.4 | J62: =ROUND(F62*H62,2) -> 6362.65
A64: 06 | D64: CORTE E DOBRA DE AÇO | I64: =SUM(I65:I67) -> 19683.24 | J64: =SUM(J65:J67) -> 24053.16
A65: 06.01 | B65: ED-48295 | C65: SETOP | D65: CORTE, DOBRA E MONTAGEM DE AÇO CA-50, DIÂMETRO (6,3MM A 12,5MM), INCLUSIVE ESPAÇADOR | E65: KG | F65: 1242.2 | G65: 13.2 | H65: =ROUND(G65*(1+$I$5),2) -> 16.13 | I65: =ROUND(G65*F65,2) -> 16397.04 | J65: =ROUND(F65*H65,2) -> 20036.69
A66: 06.02 | B66: ED-48297 | C66: SETOP | D66: CORTE, DOBRA E MONTAGEM DE AÇO CA-60, DIÂMETRO (4,2MM A 5,0MM), INCLUSIVE ESPAÇADOR | E66: KG | F66: 235.57 | G66: 13.95 | H66: =ROUND(G66*(1+$I$5),2) -> 17.05 | I66: =ROUND(G66*F66,2) -> 3286.2 | J66: =ROUND(F66*H66,2) -> 4016.47
A68: 07 | D68: CONCRETO, FORMA E DESFORMA | I68: =SUM(I69:I70) -> 26584.55 | J68: =SUM(J69:J71) -> 32494.53
A69: 07.01 | B69: ED-49643 | C69: SETOP | D69: FÔRMA E DESFORMA DE TÁBUA E SARRAFO, REAPROVEITAMENTO (3X), EXCLUSIVE ESCORAMENTO | E69: M2 | F69: 157.39 | G69: 75.88 | H69: =ROUND(G69*(1+$I$5),2) -> 92.75 | I69: =ROUND(G69*F69,2) -> 11942.75 | J69: =ROUND(F69*H69,2) -> 14597.92
A70: 07.02 | B70: ED-49638 | C70: SETOP | D70: FORNECIMENTO DE CONCRETO ESTRUTURAL, USINADO BOMBEADO, COM FCK 25MPA, INCLUSIVE LANÇAMENTO, ADENSAMENTO E ACABAMENTO | E70: M3 | F70: 21.44 | G70: 682.92 | H70: =ROUND(G70*(1+$I$5),2) -> 834.73 | I70: =ROUND(G70*F70,2) -> 14641.8 | J70: =ROUND(F70*H70,2) -> 17896.61
A72: 08 | D72: ANDAIME | I72: =SUM(I73:I74) -> 18119.84 | J72: =SUM(J73:J75) -> 22147.76
A73: 08.01 | B73: ED-9075 | C73: SETOP | D73: FORNECIMENTO DE ANDAIME METÁLICO PARA FACHADA ( LOCAÇÃO), INCLUSIVE PISO METÁLICO E SAPATAS, EXCLUSIVE MONTAGEM E DESMONTAGEM | E73: M2XMES | F73: =((30.74*9.3)+(10.48*10))*3 -> 1172.046 | G73: 12.5 | H73: =ROUND(G73*(1+$I$5),2) -> 15.28 | I73: =ROUND(G73*F73,2) -> 14650.58 | J73: =ROUND(F73*H73,2) -> 17908.86
A74: 08.02 | B74: ED-48246 | C74: SETOP | D74: MONTAGEM E DESMONTAGEM DE ANDAIME METÁLICO PARA FACHADA COM PISO METÁLICO, EXCLUSIVE FORNECIMENTO DO ANDAIME E RODAPÉ/GUARDA-CORPO EM MADEIRA | E74: M2 | F74: =((30.74*9.3)+(10.48*10)) -> 390.682 | G74: 8.88 | H74: =ROUND(G74*(1+$I$5),2) -> 10.85 | I74: =ROUND(G74*F74,2) -> 3469.26 | J74: =ROUND(F74*H74,2) -> 4238.9
A76: 09 | D76: PINTURA | I76: =SUM(I77:I81) -> 39292.82 | J76: =SUM(J77:J81) -> 48026.47
A77: 09.01 | B77: ED-17867 | C77: SETOP | D77: APLICAÇÃO DE VERNIZ COM ACABAMENTO BRILHANTE EM PISO DE MADEIRA TIPO TACO, DUAS (2) DEMÃOS, INCLUSIVE RASPAGEM E CALAFETAÇÃO | E77: M2 | F77: 127.14 | G77: 48.49 | H77: =ROUND(G77*(1+$I$5),2) -> 59.27 | I77: =ROUND(G77*F77,2) -> 6165.02 | J77: =ROUND(F77*H77,2) -> 7535.59
A78: 09.02 | B78: ED-1454 | C78: SETOP | D78: PINTURA COM VERNIZ POLIURETANO COM FILTRO SOLAR EM MADEIRA, DUAS (2) DEMÃOS, ACABAMENTO TIPO FOSCO | E78: M2 | F78: 31.46 | G78: 25.28 | H78: =ROUND(G78*(1+$I$5),2) -> 30.9 | I78: =ROUND(G78*F78,2) -> 795.31 | J78: =ROUND(F78*H78,2) -> 972.11
A79: 09.03 | B79: ED-50451 | C79: SETOP | D79: PINTURA ACRÍLICA EM PAREDE, DUAS (2) DEMÃOS, EXCLUSIVE SELADOR ACRÍLICO E MASSA ACRÍLICA/CORRIDA (PVA) | E79: M2 | F79: 1524.68 | G79: 15.66 | H79: =ROUND(G79*(1+$I$5),2) -> 19.14 | I79: =ROUND(G79*F79,2) -> 23876.49 | J79: =ROUND(F79*H79,2) -> 29182.38
A80: 09.04 | B80: ED-50491 | C80: SETOP | D80: PINTURA ESMALTE EM ESQUADRIAS DE FERRO, DUAS (2) DEMÃOS, INCLUSIVE UMA (1) DEMÃO DE FUNDO ANTICORROSIVO | E80: M2 | F80: =F61+F55+F54+F53+F60 -> 94.17 | G80: 33.49 | H80: =ROUND(G80*(1+$I$5),2) -> 40.93 | I80: =ROUND(G80*F80,2) -> 3153.75 | J80: =ROUND(F80*H80,2) -> 3854.38
A81: 09.05 | B81: ED-50452 | C81: SETOP | D81: PINTURA ACRÍLICA EM TETO, DUAS (2) DEMÃOS, COM APLICAÇÃO MANUAL, EXCLUSIVE SELADOR ACRÍLICO E MASSA ACRÍLICA/ CORRIDA (PVA) | E81: M2 | F81: 267.52 | G81: 19.82 | H81: =ROUND(G81*(1+$I$5),2) -> 24.23 | I81: =ROUND(G81*F81,2) -> 5302.25 | J81: =ROUND(F81*H81,2) -> 6482.01
A83: 10 | D83: COBERTURA | I83: =SUM(I84:I92) -> 81311.58 | J83: =SUM(J84:J91) -> 99386.45
A84: 10.01 | B84: ED-48429 | C84: SETOP | D84: COBERTURA EM TELHA METÁLICA GALVANIZADA TRAPEZOIDAL, TIPO DUPLA TERMOACÚSTICA COM DUAS FACES TRAPEZOIDAIS, ESP. 0,43MM, PREENCHIMENTO EM POLIESTIRENO EXPANDIDO/ ISOPOR COM ESP. 30MM, ACABAMENTO NATURAL, INCLUSIVE ACESSÓRIOS PARA FIXAÇÃO, FORNECIMENTO E INSTALAÇÃO | E84: M2 | F84: 175.64 | G84: 159.61 | H84: =ROUND(G84*(1+$I$5),2) -> 195.09 | I84: =ROUND(G84*F84,2) -> 28033.9 | J84: =ROUND(F84*H84,2) -> 34265.61
A85: 10.02 | B85: ED-20603 | C85: SETOP | D85: FORNECIMENTO DE ESTRUTURA METÁLICA E ENGRADAMENTO METÁLICO, EM AÇO, PARA TELHADO, EXCLUSIVE TELHA, INCLUSIVE FABRICAÇÃO, TRANSPORTE, MONTAGEM E APLICAÇÃO DE FUNDO PREPARADOR ANTICORROSIVO EM SUPERFÍCIE METÁLICA, UMA (1) DEMÃO | E85: KG | F85: 1500 | G85: 22.63 | H85: =ROUND(G85*(1+$I$5),2) -> 27.66 | I85: =ROUND(G85*F85,2) -> 33945 | J85: =ROUND(F85*H85,2) -> 41490
A86: 10.03 | B86: ED-49686 | C86: SETOP | D86: FORRO EM CHAPA DE GESSO ACARTONADA, ESP. 12,5MM, COM FIXAÇÃO DO TIPO ESTRUTURADA EM PERFIL METÁLICO, EXCLUSIVE PERFIL TABICA, SANCA E MOLDURA, INCLUSIVE ACESSÓRIOS E FIXAÇÃO | E86: M2 | F86: 161.63 | G86: 59.32 | H86: =ROUND(G86*(1+$I$5),2) -> 72.51 | I86: =ROUND(G86*F86,2) -> 9587.89 | J86: =ROUND(F86*H86,2) -> 11719.79
A87: 10.04 | B87: ED-28728 | C87: SETOP | D87: FORRO EM RÉGUA DE PVC, LARGURA 20CM, NA COR BRANCA, INCLUSIVE ESTRUTURA DE FIXAÇÃO E PENDURAIS METÁLICOS E ACESSÓRIOS DE FIXAÇÃO, EXCLUSIVE RODAFORRO OU MOLDURA | E87: M2 | F87: 71.27 | G87: 59.32 | H87: =ROUND(G87*(1+$I$5),2) -> 72.51 | I87: =ROUND(G87*F87,2) -> 4227.74 | J87: =ROUND(F87*H87,2) -> 5167.79
A88: 10.05 | B88: ED-28751 | C88: SETOP | D88: RODAFORRO EM PVC, TIPO "U", NA COR BRANCA, PARA FORRO EM RÉGUA DE PVC, INCLUSIVE ACESSÓRIOS PARA FIXAÇÃO | E88: M | F88: 94.76 | G88: 16.02 | H88: =ROUND(G88*(1+$I$5),2) -> 19.58 | I88: =ROUND(G88*F88,2) -> 1518.06 | J88: =ROUND(F88*H88,2) -> 1855.4
A89: 10.06 | B89: ED-50663 | C89: SETOP | D89: CALHA EM CHAPA GALVANIZADA, ESP. 0,5MM (GSG-26), COM DESENVOLVIMENTO DE 50CM, INCLUSIVE IÇAMENTO MANUAL VERTICAL | E89: M | F89: 20.35 | G89: 56.68 | H89: =ROUND(G89*(1+$I$5),2) -> 69.28 | I89: =ROUND(G89*F89,2) -> 1153.44 | J89: =ROUND(F89*H89,2) -> 1409.85
A90: 10.07 | B90: ED-50678 | C90: SETOP | D90: RUFO E CONTRARRUFO EM CHAPA GALVANIZADA, ESP. 0,65MM ( GSG-24), COM DESENVOLVIMENTO DE 33CM, INCLUSIVE IÇAMENTO MANUAL VERTICAL | E90: M | F90: 22.1 | G90: 46.22 | H90: =ROUND(G90*(1+$I$5),2) -> 56.49 | I90: =ROUND(G90*F90,2) -> 1021.46 | J90: =ROUND(F90*H90,2) -> 1248.43
A91: 10.08 | B91: ED-50668 | C91: SETOP | D91: CONDUTOR CIRCULAR DE ÁGUA PLUVIAL PARA DO TELHADO EM TUBO DE PVC, DIÂMETRO DE 100MM, INCLUSIVE CONEXÕES E SUPORTES | E91: M | F91: 20.5 | G91: 88.98 | H91: =ROUND(G91*(1+$I$5),2) -> 108.76 | I91: =ROUND(G91*F91,2) -> 1824.09 | J91: =ROUND(F91*H91,2) -> 2229.58
A93: 11 | D93: INSTALAÇÕES ELETRICAS | I93: =SUM(I94:I131) -> 61441.84 | J93: =SUM(J94:J131) -> 75116.14
A94: 11.01 | B94: ED-20588 | C94: SETOP | D94: ENTRADA DE ENERGIA AÉREA, TIPO C8, PADRÃO CEMIG, CARGA INSTALADA DE 66,1KVA ATÉ 75KVA, TRIFÁSICO, COM SAÍDA SUBTERRÂNEA, INCLUSIVE POSTE, CAIXA PARA MEDIDOR, DISJUNTOR, BARRAMENTO, ATERRAMENTO E ACESSÓRIOS | E94: U | F94: 1 | G94: 4626.79 | H94: =ROUND(G94*(1+$I$5),2) -> 5655.33 | I94: =ROUND(G94*F94,2) -> 4626.79 | J94: =ROUND(F94*H94,2) -> 5655.33
A95: 11.02 | B95: ED-34493 | C95: SETOP | D95: DISJUNTOR TRIPOLAR TIPO DIN, CORRENTE NOMINAL DE 63A, FORNECIMENTO E INSTALAÇÃO, INCLUSIVE TERMINAL ILHÓS | E95: U | F95: 3 | G95: 82.83 | H95: =ROUND(G95*(1+$I$5),2) -> 101.24 | I95: =ROUND(G95*F95,2) -> 248.49 | J95: =ROUND(F95*H95,2) -> 303.72
A96: 11.03 | B96: ED-34461 | C96: SETOP | D96: DISJUNTOR MONOPOLAR TIPO DIN, CORRENTE NOMINAL DE 16A, FORNECIMENTO E INSTALAÇÃO, INCLUSIVE TERMINAL ILHÓS | E96: U | F96: 13 | G96: 17.89 | H96: =ROUND(G96*(1+$I$5),2) -> 21.87 | I96: =ROUND(G96*F96,2) -> 232.57 | J96: =ROUND(F96*H96,2) -> 284.31
A97: 11.04 | B97: ED-34474 | C97: SETOP | D97: DISJUNTOR BIPOLAR TIPO DIN, CORRENTE NOMINAL DE 16A, FORNECIMENTO E INSTALAÇÃO, INCLUSIVE TERMINAL ILHÓS | E97: U | F97: 10 | G97: 39.92 | H97: =ROUND(G97*(1+$I$5),2) -> 48.79 | I97: =ROUND(G97*F97,2) -> 399.2 | J97: =ROUND(F97*H97,2) -> 487.9
A98: 11.05 | B98: ED-34475 | C98: SETOP | D98: DISJUNTOR BIPOLAR TIPO DIN, CORRENTE NOMINAL DE 20A, FORNECIMENTO E INSTALAÇÃO, INCLUSIVE TERMINAL ILHÓS | E98: U | F98: 2 | G98: 45.68 | H98: =ROUND(G98*(1+$I$5),2) -> 55.83 | I98: =ROUND(G98*F98,2) -> 91.36 | J98: =ROUND(F98*H98,2) -> 111.66
A99: 11.06 | B99: ED-34460 | C99: SETOP | D99: DISJUNTOR MONOPOLAR TIPO DIN, CORRENTE NOMINAL DE 10A, FORNECIMENTO E INSTALAÇÃO, INCLUSIVE TERMINAL ILHÓS | E99: U | F99: 13 | G99: 17.78 | H99: =ROUND(G99*(1+$I$5),2) -> 21.73 | I99: =ROUND(G99*F99,2) -> 231.14 | J99: =ROUND(F99*H99,2) -> 282.49
A100: 11.07 | B100: ED-34462 | C100: SETOP | D100: DISJUNTOR MONOPOLAR TIPO DIN, CORRENTE NOMINAL DE 20A, FORNECIMENTO E INSTALAÇÃO, INCLUSIVE TERMINAL ILHÓS | E100: U | F100: 10 | G100: 16 | H100: =ROUND(G100*(1+$I$5),2) -> 19.56 | I100: =ROUND(G100*F100,2) -> 160 | J100: =ROUND(F100*H100,2) -> 195.6
A101: 11.08 | B101: ED-34463 | C101: SETOP | D101: DISJUNTOR MONOPOLAR TIPO DIN, CORRENTE NOMINAL DE 25A, FORNECIMENTO E INSTALAÇÃO, INCLUSIVE TERMINAL ILHÓS | E101: U | F101: 2 | G101: 19.05 | H101: =ROUND(G101*(1+$I$5),2) -> 23.28 | I101: =ROUND(G101*F101,2) -> 38.1 | J101: =ROUND(F101*H101,2) -> 46.56
A102: 11.09 | B102: ED-34473 | C102: SETOP | D102: DISJUNTOR BIPOLAR TIPO DIN, CORRENTE NOMINAL DE 10A, FORNECIMENTO E INSTALAÇÃO, INCLUSIVE TERMINAL ILHÓS | E102: U | F102: 7 | G102: 49.19 | H102: =ROUND(G102*(1+$I$5),2) -> 60.12 | I102: =ROUND(G102*F102,2) -> 344.33 | J102: =ROUND(F102*H102,2) -> 420.84
A103: 11.10 | B103: ED-34492 | C103: SETOP | D103: DISJUNTOR TRIPOLAR TIPO DIN, CORRENTE NOMINAL DE 50A, FORNECIMENTO E INSTALAÇÃO, INCLUSIVE TERMINAL ILHÓS | E103: U | F103: 2 | G103: 76.3 | H103: =ROUND(G103*(1+$I$5),2) -> 93.26 | I103: =ROUND(G103*F103,2) -> 152.6 | J103: =ROUND(F103*H103,2) -> 186.52
A104: 11.11 | B104: ED-34495 | C104: SETOP | D104: DISJUNTOR TRIPOLAR TIPO DIN, CORRENTE NOMINAL DE 80A, FORNECIMENTO E INSTALAÇÃO, INCLUSIVE TERMINAL ILHÓS | E104: U | F104: 1 | G104: 187.26 | H104: =ROUND(G104*(1+$I$5),2) -> 228.89 | I104: =ROUND(G104*F104,2) -> 187.26 | J104: =ROUND(F104*H104,2) -> 228.89
A105: 11.12 | B105: ED-34496 | C105: SETOP | D105: DISJUNTOR TRIPOLAR TIPO DIN, CORRENTE NOMINAL DE 100A, FORNECIMENTO E INSTALAÇÃO, INCLUSIVE TERMINAL ILHÓS | E105: U | F105: 1 | G105: 186.2 | H105: =ROUND(G105*(1+$I$5),2) -> 227.59 | I105: =ROUND(G105*F105,2) -> 186.2 | J105: =ROUND(F105*H105,2) -> 227.59
... A118: 11.25 | B118: ED-48966 | C118: SETOP | D118: CABO DE COBRE FLEXÍVEL, CLASSE 5, ISOLAMENTO TIPO LSHF/ ATOX, NÃO HALOGENADO, ANTICHAMA, TERMOPLÁSTICO, UNIPOLAR, SEÇÃO 10 MM2, 70°C, 450/750V (VERDE) | E118: M | F118: 30 | G118: 14.72 | H118: =ROUND(G118*(1+$I$5),2) -> 17.99 | I118: =ROUND(G118*F118,2) -> 441.6 | J118: =ROUND(F118*H118,2) -> 539.7
A119: 11.26 | B119: ED-49013 | C119: SETOP | D119: CABO DE COBRE FLEXÍVEL, CLASSE 5, ISOLAMENTO TIPO EPR/ HEPR, NÃO HALOGENADO, ANTICHAMA, TERMOFIXO, UNIPOLAR, SEÇÃO 70 MM2, 90°C, 0,6/1KV (PRETO) | E119: M | F119: =10*4 -> 40 | G119: 87.75 | H119: =ROUND(G119*(1+$I$5),2) -> 107.26 | I119: =ROUND(G119*F119,2) -> 3510 | J119: =ROUND(F119*H119,2) -> 4290.4
A120: 11.27 | B120: ED-49013 | C120: SETOP | D120: CABO DE COBRE FLEXÍVEL, CLASSE 5, ISOLAMENTO TIPO EPR/ HEPR, NÃO HALOGENADO, ANTICHAMA, TERMOFIXO, UNIPOLAR, SEÇÃO 70 MM2, 90°C, 0,6/1KV (AZUL) | E120: M | F120: 10 | G120: 87.75 | H120: =ROUND(G120*(1+$I$5),2) -> 107.26 | I120: =ROUND(G120*F120,2) -> 877.5 | J120: =ROUND(F120*H120,2) -> 1072.6
A121: 11.28 | B121: ED-48971 | C121: SETOP | D121: CABO DE COBRE FLEXÍVEL, CLASSE 5, ISOLAMENTO TIPO LSHF/ ATOX, NÃO HALOGENADO, ANTICHAMA, TERMOPLÁSTICO, UNIPOLAR, SEÇÃO 16 MM2, 70°C, 450/750V(VERDE) | E121: M | F121: 10 | G121: 20.26 | H121: =ROUND(G121*(1+$I$5),2) -> 24.76 | I121: =ROUND(G121*F121,2) -> 202.6 | J121: =ROUND(F121*H121,2) -> 247.6
A122: 11.29 | B122: ED-15733 | C122: SETOP | D122: CONJUNTO DE UM (1) INTERRUPTOR SIMPLES, CORRENTE 10A, TENSÃO 250V, (10A-250V), COM PLACA 4"X2" DE UM (1) POSTO, INCLUSIVE FORNECIMENTO, INSTALAÇÃO, SUPORTE, MÓDULO E PLACA | E122: U | F122: 39 | G122: 31.7 | H122: =ROUND(G122*(1+$I$5),2) -> 38.75 | I122: =ROUND(G122*F122,2) -> 1236.3 | J122: =ROUND(F122*H122,2) -> 1511.25
A123: 11.30 | B123: ED-15748 | C123: SETOP | D123: CONJUNTO DE UMA (1) TOMADA PADRÃO, TRÊS (3) POLOS, CORRENTE 10A, TENSÃO 250V, (2P+T/10A-250V), COM PLACA 4"X2" DE UM (1) POSTO, INCLUSIVE FORNECIMENTO, INSTALAÇÃO, SUPORTE, MÓDULO E PLACA | E123: U | F123: 115 | G123: 30.22 | H123: =ROUND(G123*(1+$I$5),2) -> 36.94 | I123: =ROUND(G123*F123,2) -> 3475.3 | J123: =ROUND(F123*H123,2) -> 4248.1
A124: 11.31 | B124: ED-15749 | C124: SETOP | D124: CONJUNTO DE UMA (1) TOMADA PADRÃO, TRÊS (3) POLOS, CORRENTE 20A, TENSÃO 250V, (2P+T/20A-250V), COM PLACA 4"X2" DE UM (1) POSTO, INCLUSIVE FORNECIMENTO, INSTALAÇÃO, SUPORTE, MÓDULO E PLACA | E124: U | F124: 10 | G124: 32.83 | H124: =ROUND(G124*(1+$I$5),2) -> 40.13 | I124: =ROUND(G124*F124,2) -> 328.3 | J124: =ROUND(F124*H124,2) -> 401.3
A125: 11.32 | B125: 101883 | C125: SINAPI | D125: QUADRO DE DISTRIBUIÇÃO DE ENERGIA EM CHAPA DE AÇO GALVANIZADO, DE EMBUTIR, COM BARRAMENTO TRIFÁSICO, PARA 18 DISJUNTORES DIN 100A - FORNECIMENTO E INSTALAÇÃO. AF_07/2025 | E125: U | F125: 4 | G125: 589.01 | H125: =ROUND(G125*(1+$I$5),2) -> 719.95 | I125: =ROUND(G125*F125,2) -> 2356.04 | J125: =ROUND(F125*H125,2) -> 2879.8
...

Sheet LEVANT.
B3: LEVANTAMENTO
B4: demoliçaõ alvenaria
C5: COMPRI. | D5: ALTU. | E5: ESPESSURA
C6: 3.25 | D6: 2.95 | E6: 0.15 | G6: =E6*D6*C6 -> 1.438125 | I6: =SUM(G6:G18)*1.3 -> 9.7828575
C7: 2.5 | D7: 2.2 | E7: 0.15 | G7: =E7*D7*C7 -> 0.825
C8: 1.18 | D8: 2.95 | E8: 0.15 | G8: =E8*D8*C8 -> 0.52215
C9: 0.8 | D9: 2.1 | E9: 0.15 | G9: =E9*D9*C9 -> 0.252
C10: 0.9 | D10: 2.1 | E10: 0.15 | G10: =E10*D10*C10 -> 0.2835
C11: 2.5 | D11: 1.2 | E11: 0.15 | G11: =E11*D11*C11 -> 0.45
C12: 1.2 | D12: 1.25 | E12: 0.15 | G12: =E12*D12*C12 -> 0.225 | J12: M3
C13: 0.9 | D13: 2.1 | E13: 0.15 | G13: =E13*D13*C13 -> 0.2835
C14: 11.05 | D14: 0.9 | E14: 0.15 | G14: =E14*D14*C14 -> 1.49175
C15: 0.9 | D15: 2.1 | E15: 0.15 | G15: =E15*D15*C15 -> 0.2835
C16: 0.8 | D16: 2.1 | E16: 0.15 | G16: =E16*D16*C16 -> 0.252
C17: 2.5 | D17: 1.2 | E17: 0.15 | G17: =E17*D17*C17 -> 0.45
C18: 2.05 | D18: 2.5 | E18: 0.15 | G18: =E18*D18*C18 -> 0.76875
B21: demolição revestimento
C23: compri | D23: altu | F23: area desconto | G23: total
C24: =4.8*2+(4.28*2) -> 18.16 | D24: 2.95 | F24: =(2*1)+3*(0.8*2.1) -> 7.04 | G24: =(C24*D24)-F24 -> 46.532 | I24: =SUM(G24:G30) -> 168.322
C25: =(4.5*2)+1.45*2 -> 11.9 | D25: 1.5 | F25: =1.6*1.5 -> 2.4 | G25: =(C25*D25)-F25 -> 15.45
C26: =6.6+3.1 -> 9.7 | D26: 2.95 | F26: =(0.9*2.1)+(0.4*0.4) -> 2.05 | G26: =(C26*D26)-F26 -> 26.565
C27: =2.9+6.6 -> 9.5 | D27: 2.95 | F27: =(0.6*2.1)+(0.4*0.4) -> 1.42 | G27: =(C27*D27)-F27 -> 26.605 | J27: m2
C28: =6.6+3.1 -> 9.7 | D28: 2.95 | F28: =(0.9*2.1)+(0.4*0.4) -> 2.05 | G28: =(C28*D28)-F28 -> 26.565
C29: =2.9+6.6 -> 9.5 | D29: 2.95 | F29: =(0.6*2.1)+(0.4*0.4) -> 1.42 | G29: =(C29*D29)-F29 -> 26.605
B35: demolição revest. Piso
C37: compri | D37: larg | F37: area desconto | G37: total
C38: 9.56 | D38: 4.28 | G38: =(C38*D38)-F38 -> 40.9168 | I38: =SUM(G38:G44) -> 86.5708
C39: 1.55 | D39: 3.3 | G39: =(C39*D39)-F39 -> 5.115
C40: 1.55 | D40: 3.3 | G40: =(C40*D40)-F40 -> 5.115
C41: 3.3 | D41: 1.45 | G41: =(C41*D41)-F41 -> 4.785 | J41: m2
C42: 3.3 | D42: 1.45 | G42: =(C42*D42)-F42 -> 4.785
C43: 4.8 | D43: 4.28 | G43: =(C43*D43)-F43 -> 20.544
C44: 4.5 | D44: 1.18 | G44: =(C44*D44)-F44 -> 5.31
B48: escavação manual de vala
C50: compri | D50: larg | E50: altura | G50: total
C51: 3.25 | D51: 0.25 | E51: 0.3 | G51: =(C51*D51*E51) -> 0.24375 | I51: =SUM(G51:G57)*1.3 -> 8.151
C52: 3.25 | D52: 0.25 | E52: 0.3 | G52: =(C52*D52*E52) -> 0.24375
C53: 3.1 | D53: 0.25 | E53: 0.3 | G53: =(C53*D53*E53) -> 0.2325
C54: 5.6 | D54: 0.25 | E54: 0.3 | G54: =(C54*D54*E54) -> 0.42
C55: 1.8 | D55: 1.9 | E55: 1.5 | G55: =(C55*D55*E55) -> 5.13
G56: =(C56*D56*E56) -> 0
G57: =(C57*D57*E57) -> 0
B60: APILOAMENTO FUNDO DE VALA
C62: compri | D62: larg | E62: altura | G62: total
C63: 3.25 | D63: 0.25 | G63: =(C63*D63) -> 0.8125 | I63: =SUM(G63:G69) -> 7.22
C64: 3.25 | D64: 0.25 | G64: =(C64*D64) -> 0.8125
C65: 3.1 | D65: 0.25 | G65: =(C65*D65) -> 0.775
C66: 5.6 | D66: 0.25 | G66: =(C66*D66) -> 1.4
C67: 1.8 | D67: 1.9 | G67: =(C67*D67) -> 3.42
G68: =(C68*D68) -> 0
G69: =(C69*D69) -> 0
B72: REMOÇÃO DE PORTA COM REAPROVEITAMENTO
C74: compri | D74: ALTURA | G74: total
C75: 2.5 | D75: 1.2 | G75: =(C75*D75) -> 3 | I75: =SUM(G75:G81) -> 21.99
C76: 2.5 | D76: 1.2 | G76: =(C76*D76) -> 3
C77: 0.8 | D77: 1.2 | G77: =(C77*D77) -> 0.96
C78: 0.8 | D78: 1.2 | G78: =(C78*D78) -> 0.96
C79: 0.7 | D79: 1.2 | G79: =(C79*D79) -> 0.84
C80: 0.7 | D80: 2.1 | E80: 9 | G80: =(C80*D80)*E80 -> 13.23
G81: =(C81*D81) -> 0
B87: ALVENARIA DE VEDAÇÃO
C89: compri | D89: ALTURA | E89: QUANT | F89: DESCONTO | G89: total
B90: 1 PISO | C90: 3.25 | D90: 2.95 | F90: =1.2*1.2 -> 1.44 | G90: =(C90*D90)-F90 -> 8.1475 | I90: =SUM(G90:G99) -> 190.7195
B91: 1 PISO | C91: 3.1 | D91: 2.95 | F91: =0.7*2.1 -> 1.47 | G91: =(C91*D91)-F91 -> 7.675
B92: 1 PISO | C92: 5.6 | D92: 2.95 | F92: =(2.1*0.7)+(1.2*1.5)+(1.2*1.2) -> 4.71 | G92: =(C92*D92)-F92 -> 11.81
B93: FECH. PORTAS | C93: 0.8 | D93: 2.1 | E93: 2 | G93: =(C93*D93)*E93 -> 3.36
B94: FECH. PORTAS | C94: 0.6 | D94: 2.1 | E94: 2 | G94: =(C94*D94)*E94 -> 2.52
B95: ELEVADOR | C95: 4 | D95: 11.7 | F95: 7.04 | G95: =(C95*D95)-F95 -> 39.76
B96: AUDITORIO | C96: 30.31 | D96: 2.3 | F96: =((2.5*1.2)*3)+((2.31*1.3)*2)+(1.2*1.25) -> 16.506 | G96: =(C96*D96)-F96 -> 53.207
B97: ESCADA | C97: 12.77 | D97: 3 | F97: =1.1*2.1 -> 2.31 | G97: =(C97*D97)-F97 -> 36
B98: RESERVATORIO | C98: 12.4 | D98: 1.5 | G98: =(C98*D98)-F98 -> 18.6
B99: AUDITORIO | C99: 6.2 | D99: 2.3 | F99: =(2.5*1.2)+(1.35*1.2) -> 4.62 | G99: =(C99*D99)-F99 -> 9.64
B102: VERGA E CONTRAVERGA
C104: compri | D104: ALTURA | E104: ESPESSURA | G104: total
C105: 4 | D105: 0.2 | E105: 0.14 | G105: =(C105*D105*E105) -> 0.112 | I105: =SUM(G105:G117) -> 1.3776
C106: 4 | D106: 0.2 | E106: 0.14 | G106: =(C106*D106*E106) -> 0.112
C107: 3.8 | D107: 0.2 | E107: 0.14 | G107: =(C107*D107*E107) -> 0.1064
C108: 4 | D108: 0.2 | E108: 0.14 | G108: =(C108*D108*E108) -> 0.112
C109: 6 | D109: 0.3 | E109: 0.14 | G109: =(C109*D109*E109) -> 0.252
C110: 6 | D110: 0.3 | E110: 0.14 | G110: =(C110*D110*E110) -> 0.252
C111: 1.2 | D111: 0.2 | E111: 0.14 | G111: =(C111*D111*E111) -> 0.0336
C112: 1.2 | D112: 0.2 | E112: 0.14 | G112: =(C112*D112*E112) -> 0.0336
C113: 1.4 | D113: 0.2 | E113: 0.14 | G113: =(C113*D113*E113) -> 0.0392
C114: 1.4 | D114: 0.2 | E114: 0.14 | G114: =(C114*D114*E114) -> 0.0392
C115: 3 | D115: 0.2 | E115: 0.14 | G115: =(C115*D115*E115) -> 0.084
C116: =1.8*3 -> 5.4 | D116: 0.2 | E116: 0.14 | G116: =(C116*D116*E116) -> 0.1512
C117: 1.8 | D117: 0.2 | E117: 0.14 | G117: =(C117*D117*E117) -> 0.0504
B119: ALVENARIA ESTRUTURAL
C121: compri | D121: ALTURA | E121: DESCONTO AREA | G121: total
C122: 5.58 | D122: 2.7 | G122: =(C122*D122)-E122 -> 15.066 | I122: =SUM(G122:G134) -> 82.404
C123: 5.58 | D123: 2.7 | G123: =(C123*D123)-E123 -> 15.066
C124: 5.58 | D124: 2.7 | G124: =(C124*D124)-E124 -> 15.066
C125: 5.43 | D125: 2.7 | E125: =(0.9*1.5)*2 -> 2.7 | G125: =(C125*D125)-E125 -> 11.961
C126: 5.43 | D126: 2.7 | E126: =(0.9*2.1)*2 -> 3.78 | G126: =(C126*D126)-E126 -> 10.881
C127: 5.43 | D127: 2.7 | E127: =(0.9*2.1)*2 -> 3.78 | G127: =(C127*D127)-E127 -> 10.881
C128: 1.29 | D128: 2.7 | G128: =(C128*D128)-E128 -> 3.483
B135: PAREDE DRYWALL
C137: compri | D137: ALTURA | E137: DESCONTO AREA | G137: total
C138: 4.16 | D138: 2.95 | E138: =0.8*2.1 -> 1.68 | G138: =(C138*D138)-E138 -> 10.592 | I138: =SUM(G138:G150) -> 48.504
C139: 4.16 | D139: 2.95 | E139: =0.8*2.1 -> 1.68 | G139: =(C139*D139-E139) -> 10.592
...

Sheet Plan2

Sheet ORÇAMENTO SINTÉTICO
E2: Obra: Reforma, Ampliação e Adequação Sede Própria do IMP | I2: BDI | J2: PRAZO EXECUÇÃO
J3: 6 MESES
J4: DATA
I5: 0.2223 | J5: 45685
I6: REFERÊNCIAS
E8: Endereço: Rua Newton Penido n° 54/56 Municipío de Itaúna | I8: SETOP OUT/2025
I9: SINAPI 12/2025
A10: ITEM | B10: CODIGO | C10: BANCO | D10: SERVIÇO | E10: UND | F10: QUANT. | G10: VALOR UNITÁRIO | H10: VALOR UNITÁRIO (COM BDI) | I10: CUSTO TOTAL | J10: CUSTO TOTAL (COM BDI)
I11: =SUM(I13:I188)/2 -> 671622.62 | J11: =SUM(J13:J188)/2 -> 820933.6
A13: 01 | D13: SERVIÇOS PRELIMINARES | I13: =SUM(I14:I17) -> 6441.98 | J13: =SUM(J14:J17) -> 7874.29
A14: 01.01 | B14: ED-28427 | C14: SETOP | D14: FORNECIMENTO E COLOCAÇÃO DE PLACA DE OBRA EM CHAPA GALVANIZADA #26, ESP. 0,45MM, DIMENSÃO (3X1,5)M, PLOTADA COM ADESIVO VINÍLICO, AFIXADA COM REBITES 4,8X40MM, EM ESTRUTURA METÁLICA DE METALON 20X20MM, ESP. 1,25MM, INCLUSIVE SUPORTE EM EUCALIPTO AUTOCLAVADO PINTADO COM TINTA PVA DUAS (2) DEMÃOS | E14: UND | F14: 1 | G14: 1153.26 | H14: =ROUND(G14*(1+$I$5),2) -> 1409.63 | I14: =ROUND(G14*F14,2) -> 1153.26 | J14: =ROUND(F14*H14,2) -> 1409.63
A15: 01.02 | B15: ED-19633 | C15: SETOP | D15: ESCORAMENTO METÁLICO PARA LAJE E VIGA EM CONCRETO ARMADO, TIPO "A", ALTURA DE (200 ATÉ 310)CM, INCLUSIVE DESCARGA, MONTAGEM, DESMONTAGEM E CARGA | E15: M2XMES | F15: 92 | G15: 19.87 | H15: =ROUND(G15*(1+$I$5),2) -> 24.29 | I15: =ROUND(G15*F15,2) -> 1828.04 | J15: =ROUND(F15*H15,2) -> 2234.68
A16: 01.03 | B16: CO-27430 | C16: SETOP | D16: PROJETO EXECUTIVO DE INSTALAÇÕES HIDRO SANITÁRIAS | E16: PR A1 | F16: 2 | G16: 1730.34 | H16: =ROUND(G16*(1+$I$5),2) -> 2114.99 | I16: =ROUND(G16*F16,2) -> 3460.68 | J16: =ROUND(F16*H16,2) -> 4229.98
A18: 02 | D18: ESCAVAÇÕES, DEMOLIÇÕES E REMOÇÃO | I18: =SUM(I19:I32) -> 12883.45 | J18: =SUM(J19:J32) -> 15747.26
A19: 02.01 | B19: ED-48435 | C19: SETOP | D19: DEMOLIÇÃO MANUAL DE ALVENARIA DE TIJOLO CERÂMICO OU BLOCO DE CONCRETO, INCLUSIVE AFASTAMENTO E EMPILHAMENTO, EXCLUSIVE TRANSPORTE E RETIRADA DO MATERIAL DEMOLIDO | E19: M3 | F19: 9.44 | G19: 109.09 | H19: =ROUND(G19*(1+$I$5),2) -> 133.34 | I19: =ROUND(G19*F19,2) -> 1029.81 | J19: =ROUND(F19*H19,2) -> 1258.73
A20: 02.02 | B20: ED-48502 | C20: SETOP | D20: DEMOLIÇÃO MANUAL DE REVESTIMENTO CERÂMICO, AZULEJO OU LADRILHO HIDRÁULICO, INCLUSIVE AFASTAMENTO E EMPILHAMENTO, EXCLUSIVE DEMOLIÇÃO DO REBOCO OU EMBOÇO, TRANSPORTE E RETIRADA DO MATERIAL DEMOLIDO | E20: M2 | F20: 133.21 | G20: 21.54 | H20: =ROUND(G20*(1+$I$5),2) -> 26.33 | I20: =ROUND(G20*F20,2) -> 2869.34 | J20: =ROUND(F20*H20,2) -> 3507.42
A21: 02.03 | B21: ED-48480 | C21: SETOP | D21: DEMOLIÇÃO MANUAL DE PISO CERÂMICO OU LADRILHO HIDRÁULICO, INCLUSIVE AFASTAMENTO E EMPILHAMENTO, EXCLUSIVE DEMOLIÇÃO DE CONTRAPISO, TRANSPORTE E RETIRADA DO MATERIAL DEMOLIDO | E21: M2 | F21: 53.53 | G21: 17.23 | H21: =ROUND(G21*(1+$I$5),2) -> 21.06 | I21: =ROUND(G21*F21,2) -> 922.32 | J21: =ROUND(F21*H21,2) -> 1127.34
A22: 02.04 | B22: 97628 | C22: SINAPI | D22: DEMOLIÇÃO DE LAJES, EM CONCRETO ARMADO, DE FORMA MANUAL, SEM REAPROVEITAMENTO. AF_09/2023 | E22: M3 | F22: =8.24*0.12 -> 0.9888 | G22: 280 | H22: =ROUND(G22*(1+$I$5),2) -> 342.24 | I22: =ROUND(G22*F22,2) -> 276.86 | J22: =ROUND(F22*H22,2) -> 338.41
A23: 02.05 | B23: ED-51107 | C23: SETOP | D23: ESCAVAÇÃO MANUAL DE VALA COM PROFUNDIDADE MENOR OU IGUAL A 1,5M, INCLUSIVE DESCARGA LATERAL | E23: M3 | F23: 7.91 | G23: 71.42 | H23: =ROUND(G23*(1+$I$5),2) -> 87.3 | I23: =ROUND(G23*F23,2) -> 564.93 | J23: =ROUND(F23*H23,2) -> 690.54
A24: 02.06 | B24: ED-51093 | C24: SETOP | D24: PILOAMENTO MANUAL EM FUNDO DE VALA COM SOQUETE, EXCLUSIVE ESCAVAÇÃO | E24: M2 | F24: 7.6 | G24: 24.08 | H24: =ROUND(G24*(1+$I$5),2) -> 29.43 | I24: =ROUND(G24*F24,2) -> 183.01 | J24: =ROUND(F24*H24,2) -> 223.67
A25: 02.07 | B25: ED-51133 | C25: SETOP | D25: TRANSPORTE DE MATERIAL DE QUALQUER NATUREZA COM CARRINHO DE MÃO, COM DISTÂNCIAS MENORES OU IGUAIS A 50M, INCLUSIVE CARGA/DESCARGA | E25: M3 | F25: =F19+F22+F23+(F31*0.1) -> 26.3688 | G25: 24.77 | H25: =ROUND(G25*(1+$I$5),2) -> 30.28 | I25: =ROUND(G25*F25,2) -> 653.16 | J25: =ROUND(F25*H25,2) -> 798.45
A26: 02.08 | B26: ED-51125 | C26: SETOP | D26: TRANSPORTE DE MATERIAL DEMOLIDO EM CAÇAMBA, EXCLUSIVE CARGA MANUAL OU MECÂNICA | E26: M3 | F26: =F25 -> 26.3688 | G26: 60 | H26: =ROUND(G26*(1+$I$5),2) -> 73.34 | I26: =ROUND(G26*F26,2) -> 1582.13 | J26: =ROUND(F26*H26,2) -> 1933.89
A27: 02.09 | B27: ED-48512 | C27: SETOP | D27: REMOÇÃO MANUAL DE TELHA EM FIBROCIMENTO, TIPO ONDULADA, COM REAPROVEITAMENTO, INCLUSIVE AFASTAMENTO E EMPILHAMENTO, EXCLUSIVE TRANSPORTE E RETIRADA DO MATERIAL REMOVIDO NÃO REAPROVEITÁVEL | E27: M2 | F27: 69.84 | G27: 13.31 | H27: =ROUND(G27*(1+$I$5),2) -> 16.27 | I27: =ROUND(G27*F27,2) -> 929.57 | J27: =ROUND(F27*H27,2) -> 1136.3
A28: 02.10 | B28: ED-48494 | C28: SETOP | D28: REMOÇÃO MANUAL DE FOLHA DE PORTA OU JANELA DE MADEIRA OU METÁLICA, COM REAPROVEITAMENTO, INCLUSIVE AFASTAMENTO E EMPILHAMENTO, EXCLUSIVE TRANSPORTE E RETIRADA DO MATERIAL REMOVIDO NÃO REAPROVEITÁVEL | E28: M2 | F28: 18.16 | G28: 9.43 | H28: =ROUND(G28*(1+$I$5),2) -> 11.53 | I28: =ROUND(G28*F28,2) -> 171.25 | J28: =ROUND(F28*H28,2) -> 209.38
A29: 02.11 | B29: ED-48495 | C29: SETOP | D29: REMOÇÃO MANUAL DE MARCO EM MADEIRA OU METÁLICO, COM REAPROVEITAMENTO, INCLUSIVE AFASTAMENTO E EMPILHAMENTO, EXCLUSIVE TRANSPORTE E RETIRADA DO MATERIAL REMOVIDO NÃO REAPROVEITÁVEL | E29: U | F29: 11 | G29: 18.76 | H29: =ROUND(G29*(1+$I$5),2) -> 22.93 | I29: =ROUND(G29*F29,2) -> 206.36 | J29: =ROUND(F29*H29,2) -> 252.23
A30: 02.12 | B30: ED-48509 | C30: SETOP | D30: REMOÇÃO MANUAL DE TELHA METÁLICA OU PVC, COM REAPROVEITAMENTO, INCLUSIVE AFASTAMENTO E EMPILHAMENTO, EXCLUSIVE TRANSPORTE E RETIRADA DO MATERIAL REMOVIDO NÃO REAPROVEITÁVEL | E30: M2 | F30: 215.92 | G30: 9.32 | H30: =ROUND(G30*(1+$I$5),2) -> 11.39 | I30: =ROUND(G30*F30,2) -> 2012.37 | J30: =ROUND(F30*H30,2) -> 2459.33
A31: 02.13 | B31: ED-48479 | C31: SETOP | D31: DEMOLIÇÃO MANUAL DE PISO CIMENTADO OU CONTRAPISO DE ARGAMASSA, COM ESPESSURA MÁXIMA DE 10CM, INCLUSIVE AFASTAMENTO E EMPILHAMENTO, EXCLUSIVE TRANSPORTE E RETIRADA DO MATERIAL DEMOLIDO | E31: M2 | F31: 80.3 | G31: 18.46 | H31: =ROUND(G31*(1+$I$5),2) -> 22.56 | I31: =ROUND(G31*F31,2) -> 1482.34 | J31: =ROUND(F31*H31,2) -> 1811.57
A33: 03 | D33: ALVENÁRIAS | I33: =SUM(I34:I38) -> 29528.1 | J33: =SUM(J34:J39) -> 36093.23
A34: 03.01 | B34: ED-48232 | C34: SETOP | D34: ALVENARIA DE VEDAÇÃO COM TIJOLO CERÂMICO FURADO, ESP. 14CM, PARA REVESTIMENTO, INCLUSIVE ARGAMASSA PARA ASSENTAMENTO | E34: M2 | F34: 202.32 | G34: 70.88 | H34: =ROUND(G34*(1+$I$5),2) -> 86.64 | I34: =ROUND(G34*F34,2) -> 14340.44 | J34: =ROUND(F34*H34,2) -> 17529
A35: 03.02 | B35: ED-8346 | C35: SETOP | D35: ENCUNHAMENTO DE ALVENARIA DE VEDAÇÃO COM ARGAMASSA, INCLUSIVE ADITIVO EXPANSOR PARA ENCUNHAMENTO | E35: M | F35: =3.25+3.1+3.1+5.6 -> 15.05 | G35: 7.07 | H35: =ROUND(G35*(1+$I$5),2) -> 8.64 | I35: =ROUND(G35*F35,2) -> 106.4 | J35: =ROUND(F35*H35,2) -> 130.03
A36: 03.03 | B36: ED-9903 | C36: SETOP | D36: VERGA OU CONTRAVERGA EM CONCRETO ESTRUTURAL PARA VÃOS DE ATÉ 150CM, PREPARADO EM OBRA COM BETONEIRA, CONTROLE "A", COM FCK 20 MPA, MOLDADA IN LOCO, INCLUSIVE ARMAÇÃO | E36: M3 | F36: 2.22 | G36: 3330.96 | H36: =ROUND(G36*(1+$I$5),2) -> 4071.43 | I36: =ROUND(G36*F36,2) -> 7394.73 | J36: =ROUND(F36*H36,2) -> 9038.57
A37: 03.04 | B37: ED-48201 | C37: SETOP | D37: ALVENARIA ESTRUTURAL COM BLOCO DE CONCRETO, ESP. 14CM , (FBK 4,5MPA), PARA REVESTIMENTO, INCLUSIVE ARGAMASSA PARA ASSENTAMENTO | E37: M2 | F37: 83.66 | G37: 84.19 | H37: =ROUND(G37*(1+$I$5),2) -> 102.91 | I37: =ROUND(G37*F37,2) -> 7043.34 | J37: =ROUND(F37*H37,2) -> 8609.45
A38: 03.05 | B38: ED-48213 | C38: SETOP | D38: ALVENARIA DE BLOCO DE CONCRETO CHEIO COM ARMAÇÃO, EM CONCRETO COM FCK 15MPA , ESP. 14CM, PARA REVESTIMENTO, INCLUSIVE ARGAMASSA PARA ASSENTAMENTO (DETALHE D CADERNO SEDS) | E38: M2 | F38: 2.88 | G38: 223.33 | H38: =ROUND(G38*(1+$I$5),2) -> 272.98 | I38: =ROUND(G38*F38,2) -> 643.19 | J38: =ROUND(F38*H38,2) -> 786.18
A40: 04 | D40: DIVISÕES E REVESTIMENTOS | I40: =SUM(I41:I50) -> 100261.22 | J40: =SUM(J41:J50) -> 122551.94
A41: 04.01 | B41: ED-48209 | C41: SETOP | D41: PAREDE EM CHAPA DE GESSO ACARTONADO (DRYWALL), DIVISÃO ENTRE ÁREAS SECAS DE UMA MESMA UNIDADE (ST/ST), ESP. 115 MM, INCLUSIVE MONTANTES, GUIAS E ACESSÓRIOS, EXCLUSIVE ISOLANTE TÉRMICO/ACÚSTICO | E41: M2 | F41: 54.81 | G41: 84.29 | H41: =ROUND(G41*(1+$I$5),2) -> 103.03 | I41: =ROUND(G41*F41,2) -> 4619.93 | J41: =ROUND(F41*H41,2) -> 5647.07
A42: 04.02 | B42: ED-48533 | C42: SETOP | D42: DIVISÓRIA EM GRANITO CINZA ANDORINHA, ESP. 3CM, INCLUSIVE INSTALAÇÃO, FERRAGENS EM LATÃO CROMADO E ACESSÓRIOS | E42: M2 | F42: 9.13 | G42: 677.65 | H42: =ROUND(G42*(1+$I$5),2) -> 828.29 | I42: =ROUND(G42*F42,2) -> 6186.94 | J42: =ROUND(F42*H42,2) -> 7562.29
A43: 04.03 | B43: ED-50730 | C43: SETOP | D43: CHAPISCO COM ARGAMASSA, TRAÇO 1:2:3 (CIMENTO, AREIA E PEDRISCO), APLICADO COM COLHER, ESP. 5MM, INCLUSIVE ARGAMASSA COM PREPARO MECANIZADO | E43: M2 | F43: 571.97 | G43: 14.79 | H43: =ROUND(G43*(1+$I$5),2) -> 18.08 | I43: =ROUND(G43*F43,2) -> 8459.44 | J43: =ROUND(F43*H43,2) -> 10341.22
A44: 04.04 | B44: ED-50761 | C44: SETOP | D44: REBOCO COM ARGAMASSA, TRAÇO 1:2:8 (CIMENTO, CAL E AREIA) , ESP. 20MM, APLICAÇÃO MANUAL, INCLUSIVE ARGAMASSA COM PREPARO MECANIZADO, EXCLUSIVE CHAPISCO | E44: M2 | F44: =F43 -> 571.97 | G44: 37.56 | H44: =ROUND(G44*(1+$I$5),2) -> 45.91 | I44: =ROUND(G44*F44,2) -> 21483.19 | J44: =ROUND(F44*H44,2) -> 26259.14
A45: 04.05 | B45: ED-9081 | C45: SETOP | D45: REVESTIMENTO COM CERÂMICA APLICADO EM PAREDE, ACABAMENTO ESMALTADO, AMBIENTE INTERNO/EXTERNO, PADRÃO EXTRA, DIMENSÃO DA PEÇA ATÉ 2025 CM2, PEI III, ASSENTAMENTO COM ARGAMASSA INDUSTRIALIZADA, INCLUSIVE REJUNTAMENTO | E45: M2 | F45: 191.12 | G45: 76.1 | H45: =ROUND(G45*(1+$I$5),2) -> 93.02 | I45: =ROUND(G45*F45,2) -> 14544.23 | J45: =ROUND(F45*H45,2) -> 17777.98
A46: 04.06 | B46: ED-50724 | C46: SETOP | D46: REVESTIMENTO COM CERÂMICA APLICADO EM PISO, ACABAMENTO ESMALTADO, AMBIENTE INTERNO, PADRÃO EXTRA, DIMENSÃO DA PEÇA ATÉ 2025 CM2, PEI IV, ASSENTAMENTO COM ARGAMASSA INDUSTRIALIZADA, INCLUSIVE REJUNTAMENTO | E46: M2 | F46: 259.9 | G46: 85.11 | H46: =ROUND(G46*(1+$I$5),2) -> 104.03 | I46: =ROUND(G46*F46,2) -> 22120.09 | J46: =ROUND(F46*H46,2) -> 27037.4
A47: 04.07 | B47: ED-50715 | C47: SETOP | D47: REVESTIMENTO COM AZULEJO BRANCO (15X15CM), JUNTA A PRUMO ASSENTAMENTO COM ARGAMASSA INDUSTRIALIZADA , INCLUSIVE REJUNTAMENTO | E47: M2 | F47: 49.66 | G47: 98.07 | H47: =ROUND(G47*(1+$I$5),2) -> 119.87 | I47: =ROUND(G47*F47,2) -> 4870.16 | J47: =ROUND(F47*H47,2) -> 5952.74
A48: 04.08 | B48: ED-50568 | C48: SETOP | D48: CONTRAPISO DESEMPENADO COM ARGAMASSA, TRAÇO 1:3 ( CIMENTO E AREIA), ESP. 30MM | E48: M2 | F48: 216.39 | G48: 44.85 | H48: =ROUND(G48*(1+$I$5),2) -> 54.82 | I48: =ROUND(G48*F48,2) -> 9705.09 | J48: =ROUND(F48*H48,2) -> 11862.5
A49: 04.09 | B49: 88648 | C49: SINAPI | D49: RODAPÉ CERÂMICO DE 7CM DE ALTURA COM PLACAS TIPO ESMALTADA EXTRA DE DIMENSÕES 35X35CM. AF_02/2023 | E49: M | F49: 142.27 | G49: 7.73 | H49: =ROUND(G49*(1+$I$5),2) -> 9.45 | I49: =ROUND(G49*F49,2) -> 1099.75 | J49: =ROUND(F49*H49,2) -> 1344.45
A50: 04.10 | B50: ED-8915 | C50: SETOP | D50: EXECUÇÃO DE PAVIMENTO COM PISO INTERTRAVADO, TIPO RETANGULAR, ESP. 6CM, COM FCK DE 35MPA, INCLUSIVE COLCHÃO DE AREIA, ESP. 6CM, PARA ASSENTAMENTO, COMPACTAÇÃO MECANIZADA, CARGA E DESCARGA MECÂNICA EM CAMINHÃO, EXCLUSIVE TRANSPORTE DE PISO INTERTRAVADO | E50: M2 | F50: 80.3 | G50: 89.32 | H50: =ROUND(G50*(1+$I$5),2) -> 109.18 | I50: =ROUND(G50*F50,2) -> 7172.4 | J50: =ROUND(F50*H50,2) -> 8767.15
A52: 05 | D52: ESQUADRIAS , GRADE PROTEÇÃO | I52: =SUM(I53:I63) -> 68840.99 | J52: =SUM(J53:J62) -> 84144.42
A53: 05.01 | B53: ED-50955 | C53: SETOP | D53: FORNECIMENTO DE JANELA DE CORRER EM FERRO, INCLUSIVE ASSENTAMENTO, FERRAGENS E ACESSÓRIOS | E53: M2 | F53: 25.28 | G53: 533.57 | H53: =ROUND(G53*(1+$I$5),2) -> 652.18 | I53: =ROUND(G53*F53,2) -> 13488.65 | J53: =ROUND(F53*H53,2) -> 16487.11
A54: 05.02 | B54: ED-50957 | C54: SETOP | D54: FORNECIMENTO DE JANELA BASCULANTE EM METALON, INCLUSIVE ASSENTAMENTO, FERRAGENS E ACESSÓRIOS | E54: M2 | F54: 1.36 | G54: 492.65 | H54: =ROUND(G54*(1+$I$5),2) -> 602.17 | I54: =ROUND(G54*F54,2) -> 670 | J54: =ROUND(F54*H54,2) -> 818.95
A55: 05.03 | B55: ED-50983 | C55: SETOP | D55: PORTÃO DE GRADE EM BARRA REDONDA 1/2" E REQUADRO EM BARRA CHATA 1.1/4"X3/16", EXCLUSIVE CADEADO E PINTURA | E55: M2 | F55: 14.31 | G55: 411.47 | H55: =ROUND(G55*(1+$I$5),2) -> 502.94 | I55: =ROUND(G55*F55,2) -> 5888.14 | J55: =ROUND(F55*H55,2) -> 7197.07
A56: 05.04 | B56: ED-49603 | C56: SETOP | D56: PORTA DE MADEIRA COMPLETA, DIMENSÃO (90X210)CM, TIPO DE ABRIR, UMA (1) FOLHA, ACABAMENTO NATURAL PARA PINTURA/ VERNIZ, TIPO PRANCHETA/SARRAFEADA, INCLUSIVE MARCO, ALIZAR E FERRAGENS, EXCLUSIVE PINTURA/VERNIZ | E56: UNID | F56: 9 | G56: 1107.21 | H56: =ROUND(G56*(1+$I$5),2) -> 1353.34 | I56: =ROUND(G56*F56,2) -> 9964.89 | J56: =ROUND(F56*H56,2) -> 12180.06
A57: 05.05 | B57: ED-49602 | C57: SETOP | D57: PORTA DE MADEIRA COMPLETA, DIMENSÃO (80X210)CM, TIPO DE ABRIR, UMA (1) FOLHA, ACABAMENTO NATURAL PARA PINTURA/ VERNIZ, TIPO PRANCHETA/SARRAFEADA, INCLUSIVE MARCO, ALIZAR E FERRAGENS, EXCLUSIVE PINTURA/VERNIZ | E57: UNID | F57: 10 | G57: 1069.95 | H57: =ROUND(G57*(1+$I$5),2) -> 1307.8 | I57: =ROUND(G57*F57,2) -> 10699.5 | J57: =ROUND(F57*H57,2) -> 13078
A58: 05.06 | B58: ED-50975 | C58: SETOP | D58: PORTA METÁLICA EM CHAPA DOBRADA, DIMENSÃO (90X210)CM, TIPO DE ABRIR, UMA (1) FOLHA, INCLUSIVE ESTRUTURA, DOBRADIÇA E MARCO, EXCLUSIVE FECHADURA E PINTURA | E58: UNID | F58: 1 | G58: 632.95 | H58: =ROUND(G58*(1+$I$5),2) -> 773.65 | I58: =ROUND(G58*F58,2) -> 632.95 | J58: =ROUND(F58*H58,2) -> 773.65
A59: 05.07 | B59: ED-50976 | C59: SETOP | D59: PORTA METÁLICA PARA SANITÁRIO EM EM CHAPA GALVANIZADA, ESP. 1,25MM (GSG-18), DIMENSÃO (60X150)CM, TIPO DE ABRIR, UMA (1) FOLHA, INCLUSIVE BATENTE, ESTRUTURA EM METALON ( 20X30)MM, DOBRADIÇA E TRANQUETA, EXCLUSIVE PINTURA | E59: UNID | F59: 3 | G59: 372.68 | H59: =ROUND(G59*(1+$I$5),2) -> 455.53 | I59: =ROUND(G59*F59,2) -> 1118.04 | J59: =ROUND(F59*H59,2) -> 1366.59
A60: 05.08 | B60: ED-13888 | C60: SETOP | D60: PORTA METÁLICA, TIPO DE CORRER, COM UMA (1) FOLHA, EM CHAPA GALVANIZADA LAMBRIL, MODELO ONDULADA, INCLUSIVE FORNECIMENTO, ASSENTAMENTO, PERFIS PARA MARCO E PINTURA ANTICORROSIVA COM UMA (1) DEMÃO, EXCLUSIVE FECHADURA E ROLDANAS | E60: M2 | F60: 1.47 | G60: 485.4 | H60: =ROUND(G60*(1+$I$5),2) -> 593.3 | I60: =ROUND(G60*F60,2) -> 713.54 | J60: =ROUND(F60*H60,2) -> 872.15
A61: 05.09 | B61: ED-50951 | C61: SETOP | D61: FORNECIMENTO DE GRADE FIXA DE FERRO, PARA PROTEÇÃO DE JANELA, INCLUSIVE ASSENTAMENTO, FERRAGENS E ACESSÓRIOS | E61: M2 | F61: 51.75 | G61: 395.36 | H61: =ROUND(G61*(1+$I$5),2) -> 483.25 | I61: =ROUND(G61*F61,2) -> 20459.88 | J61: =ROUND(F61*H61,2) -> 25008.19
A62: 05.10 | B62: ED-51155 | C62: SETOP | D62: VIDRO COMUM TRANSPARENTE INCOLOR, ESP. 3MM, INCLUSIVE FIXAÇÃO E VEDAÇÃO COM GUARNIÇÃO/GAXETA DE BORRACHA NEOPRENE, FORNECIMENTO E INSTALAÇÃO, EXCLUSIVE CAIXILHO/PERFIL | E62: M2 | F62: 27.98 | G62: 186.04 | H62: =ROUND(G62*(1+$I$5),2) -> 227.4 | I62: =ROUND(G62*F62,2) -> 5205.4 | J62: =ROUND(F62*H62,2) -> 6362.65
A64: 06 | D64: CORTE E DOBRA DE AÇO | I64: =SUM(I65:I67) -> 19683.24 | J64: =SUM(J65:J67) -> 24053.16
A65: 06.01 | B65: ED-48295 | C65: SETOP | D65: CORTE, DOBRA E MONTAGEM DE AÇO CA-50, DIÂMETRO (6,3MM A 12,5MM), INCLUSIVE ESPAÇADOR | E65: KG | F65: 1242.2 | G65: 13.2 | H65: =ROUND(G65*(1+$I$5),2) -> 16.13 | I65: =ROUND(G65*F65,2) -> 16397.04 | J65: =ROUND(F65*H65,2) -> 20036.69
A66: 06.02 | B66: ED-48297 | C66: SETOP | D66: CORTE, DOBRA E MONTAGEM DE AÇO CA-60, DIÂMETRO (4,2MM A 5,0MM), INCLUSIVE ESPAÇADOR | E66: KG | F66: 235.57 | G66: 13.95 | H66: =ROUND(G66*(1+$I$5),2) -> 17.05 | I66: =ROUND(G66*F66,2) -> 3286.2 | J66: =ROUND(F66*H66,2) -> 4016.47
A68: 07 | D68: CONCRETO, FORMA E DESFORMA | I68: =SUM(I69:I70) -> 26584.55 | J68: =SUM(J69:J71) -> 32494.53
A69: 07.01 | B69: ED-49643 | C69: SETOP | D69: FÔRMA E DESFORMA DE TÁBUA E SARRAFO, REAPROVEITAMENTO (3X), EXCLUSIVE ESCORAMENTO | E69: M2 | F69: 157.39 | G69: 75.88 | H69: =ROUND(G69*(1+$I$5),2) -> 92.75 | I69: =ROUND(G69*F69,2) -> 11942.75 | J69: =ROUND(F69*H69,2) -> 14597.92
A70: 07.02 | B70: ED-49638 | C70: SETOP | D70: FORNECIMENTO DE CONCRETO ESTRUTURAL, USINADO BOMBEADO, COM FCK 25MPA, INCLUSIVE LANÇAMENTO, ADENSAMENTO E ACABAMENTO | E70: M3 | F70: 21.44 | G70: 682.92 | H70: =ROUND(G70*(1+$I$5),2) -> 834.73 | I70: =ROUND(G70*F70,2) -> 14641.8 | J70: =ROUND(F70*H70,2) -> 17896.61
A72: 08 | D72: ANDAIME | I72: =SUM(I73:I74) -> 18119.84 | J72: =SUM(J73:J75) -> 22147.76
A73: 08.01 | B73: ED-9075 | C73: SETOP | D73: FORNECIMENTO DE ANDAIME METÁLICO PARA FACHADA ( LOCAÇÃO), INCLUSIVE PISO METÁLICO E SAPATAS, EXCLUSIVE MONTAGEM E DESMONTAGEM | E73: M2XMES | F73: =((30.74*9.3)+(10.48*10))*3 -> 1172.046 | G73: 12.5 | H73: =ROUND(G73*(1+$I$5),2) -> 15.28 | I73: =ROUND(G73*F73,2) -> 14650.58 | J73: =ROUND(F73*H73,2) -> 17908.86
A74: 08.02 | B74: ED-48246 | C74: SETOP | D74: MONTAGEM E DESMONTAGEM DE ANDAIME METÁLICO PARA FACHADA COM PISO METÁLICO, EXCLUSIVE FORNECIMENTO DO ANDAIME E RODAPÉ/GUARDA-CORPO EM MADEIRA | E74: M2 | F74: =((30.74*9.3)+(10.48*10)) -> 390.682 | G74: 8.88 | H74: =ROUND(G74*(1+$I$5),2) -> 10.85 | I74: =ROUND(G74*F74,2) -> 3469.26 | J74: =ROUND(F74*H74,2) -> 4238.9
A76: 09 | D76: PINTURA | I76: =SUM(I77:I81) -> 39292.82 | J76: =SUM(J77:J81) -> 48026.47
A77: 09.01 | B77: ED-17867 | C77: SETOP | D77: APLICAÇÃO DE VERNIZ COM ACABAMENTO BRILHANTE EM PISO DE MADEIRA TIPO TACO, DUAS (2) DEMÃOS, INCLUSIVE RASPAGEM E CALAFETAÇÃO | E77: M2 | F77: 127.14 | G77: 48.49 | H77: =ROUND(G77*(1+$I$5),2) -> 59.27 | I77: =ROUND(G77*F77,2) -> 6165.02 | J77: =ROUND(F77*H77,2) -> 7535.59
A78: 09.02 | B78: ED-1454 | C78: SETOP | D78: PINTURA COM VERNIZ POLIURETANO COM FILTRO SOLAR EM MADEIRA, DUAS (2) DEMÃOS, ACABAMENTO TIPO FOSCO | E78: M2 | F78: 31.46 | G78: 25.28 | H78: =ROUND(G78*(1+$I$5),2) -> 30.9 | I78: =ROUND(G78*F78,2) -> 795.31 | J78: =ROUND(F78*H78,2) -> 972.11
A79: 09.03 | B79: ED-50451 | C79: SETOP | D79: PINTURA ACRÍLICA EM PAREDE, DUAS (2) DEMÃOS, EXCLUSIVE SELADOR ACRÍLICO E MASSA ACRÍLICA/CORRIDA (PVA) | E79: M2 | F79: 1524.68 | G79: 15.66 | H79: =ROUND(G79*(1+$I$5),2) -> 19.14 | I79: =ROUND(G79*F79,2) -> 23876.49 | J79: =ROUND(F79*H79,2) -> 29182.38
A80: 09.04 | B80: ED-50491 | C80: SETOP | D80: PINTURA ESMALTE EM ESQUADRIAS DE FERRO, DUAS (2) DEMÃOS, INCLUSIVE UMA (1) DEMÃO DE FUNDO ANTICORROSIVO | E80: M2 | F80: =F61+F55+F54+F53+F60 -> 94.17 | G80: 33.49 | H80: =ROUND(G80*(1+$I$5),2) -> 40.93 | I80: =ROUND(G80*F80,2) -> 3153.75 | J80: =ROUND(F80*H80,2) -> 3854.38
A81: 09.05 | B81: ED-50452 | C81: SETOP | D81: PINTURA ACRÍLICA EM TETO, DUAS (2) DEMÃOS, COM APLICAÇÃO MANUAL, EXCLUSIVE SELADOR ACRÍLICO E MASSA ACRÍLICA/ CORRIDA (PVA) | E81: M2 | F81: 267.52 | G81: 19.82 | H81: =ROUND(G81*(1+$I$5),2) -> 24.23 | I81: =ROUND(G81*F81,2) -> 5302.25 | J81: =ROUND(F81*H81,2) -> 6482.01
A83: 10 | D83: COBERTURA | I83: =SUM(I84:I92) -> 81311.58 | J83: =SUM(J84:J91) -> 99386.45
A84: 10.01 | B84: ED-48429 | C84: SETOP | D84: COBERTURA EM TELHA METÁLICA GALVANIZADA TRAPEZOIDAL, TIPO DUPLA TERMOACÚSTICA COM DUAS FACES TRAPEZOIDAIS, ESP. 0,43MM, PREENCHIMENTO EM POLIESTIRENO EXPANDIDO/ ISOPOR COM ESP. 30MM, ACABAMENTO NATURAL, INCLUSIVE ACESSÓRIOS PARA FIXAÇÃO, FORNECIMENTO E INSTALAÇÃO | E84: M2 | F84: 175.64 | G84: 159.61 | H84: =ROUND(G84*(1+$I$5),2) -> 195.09 | I84: =ROUND(G84*F84,2) -> 28033.9 | J84: =ROUND(F84*H84,2) -> 34265.61
A85: 10.02 | B85: ED-20603 | C85: SETOP | D85: FORNECIMENTO DE ESTRUTURA METÁLICA E ENGRADAMENTO METÁLICO, EM AÇO, PARA TELHADO, EXCLUSIVE TELHA, INCLUSIVE FABRICAÇÃO, TRANSPORTE, MONTAGEM E APLICAÇÃO DE FUNDO PREPARADOR ANTICORROSIVO EM SUPERFÍCIE METÁLICA, UMA (1) DEMÃO | E85: KG | F85: 1500 | G85: 22.63 | H85: =ROUND(G85*(1+$I$5),2) -> 27.66 | I85: =ROUND(G85*F85,2) -> 33945 | J85: =ROUND(F85*H85,2) -> 41490
A86: 10.03 | B86: ED-49686 | C86: SETOP | D86: FORRO EM CHAPA DE GESSO ACARTONADA, ESP. 12,5MM, COM FIXAÇÃO DO TIPO ESTRUTURADA EM PERFIL METÁLICO, EXCLUSIVE PERFIL TABICA, SANCA E MOLDURA, INCLUSIVE ACESSÓRIOS E FIXAÇÃO | E86: M2 | F86: 161.63 | G86: 59.32 | H86: =ROUND(G86*(1+$I$5),2) -> 72.51 | I86: =ROUND(G86*F86,2) -> 9587.89 | J86: =ROUND(F86*H86,2) -> 11719.79
A87: 10.04 | B87: ED-28728 | C87: SETOP | D87: FORRO EM RÉGUA DE PVC, LARGURA 20CM, NA COR BRANCA, INCLUSIVE ESTRUTURA DE FIXAÇÃO E PENDURAIS METÁLICOS E ACESSÓRIOS DE FIXAÇÃO, EXCLUSIVE RODAFORRO OU MOLDURA | E87: M2 | F87: 71.27 | G87: 59.32 | H87: =ROUND(G87*(1+$I$5),2) -> 72.51 | I87: =ROUND(G87*F87,2) -> 4227.74 | J87: =ROUND(F87*H87,2) -> 5167.79
A88: 10.05 | B88: ED-28751 | C88: SETOP | D88: RODAFORRO EM PVC, TIPO "U", NA COR BRANCA, PARA FORRO EM RÉGUA DE PVC, INCLUSIVE ACESSÓRIOS PARA FIXAÇÃO | E88: M | F88: 94.76 | G88: 16.02 | H88: =ROUND(G88*(1+$I$5),2) -> 19.58 | I88: =ROUND(G88*F88,2) -> 1518.06 | J88: =ROUND(F88*H88,2) -> 1855.4
A89: 10.06 | B89: ED-50663 | C89: SETOP | D89: CALHA EM CHAPA GALVANIZADA, ESP. 0,5MM (GSG-26), COM DESENVOLVIMENTO DE 50CM, INCLUSIVE IÇAMENTO MANUAL VERTICAL | E89: M | F89: 20.35 | G89: 56.68 | H89: =ROUND(G89*(1+$I$5),2) -> 69.28 | I89: =ROUND(G89*F89,2) -> 1153.44 | J89: =ROUND(F89*H89,2) -> 1409.85
A90: 10.07 | B90: ED-50678 | C90: SETOP | D90: RUFO E CONTRARRUFO EM CHAPA GALVANIZADA, ESP. 0,65MM ( GSG-24), COM DESENVOLVIMENTO DE 33CM, INCLUSIVE IÇAMENTO MANUAL VERTICAL | E90: M | F90: 22.1 | G90: 46.22 | H90: =ROUND(G90*(1+$I$5),2) -> 56.49 | I90: =ROUND(G90*F90,2) -> 1021.46 | J90: =ROUND(F90*H90,2) -> 1248.43
A91: 10.08 | B91: ED-50668 | C91: SETOP | D91: CONDUTOR CIRCULAR DE ÁGUA PLUVIAL PARA DO TELHADO EM TUBO DE PVC, DIÂMETRO DE 100MM, INCLUSIVE CONEXÕES E SUPORTES | E91: M | F91: 20.5 | G91: 88.98 | H91: =ROUND(G91*(1+$I$5),2) -> 108.76 | I91: =ROUND(G91*F91,2) -> 1824.09 | J91: =ROUND(F91*H91,2) -> 2229.58
A93: 11 | D93: INSTALAÇÕES ELETRICAS | I93: =SUM(I94:I131) -> 61441.84 | J93: =SUM(J94:J131) -> 75116.14
A94: 11.01 | B94: ED-20588 | C94: SETOP | D94: ENTRADA DE ENERGIA AÉREA, TIPO C8, PADRÃO CEMIG, CARGA INSTALADA DE 66,1KVA ATÉ 75KVA, TRIFÁSICO, COM SAÍDA SUBTERRÂNEA, INCLUSIVE POSTE, CAIXA PARA MEDIDOR, DISJUNTOR, BARRAMENTO, ATERRAMENTO E ACESSÓRIOS | E94: U | F94: 1 | G94: 4626.79 | H94: =ROUND(G94*(1+$I$5),2) -> 5655.33 | I94: =ROUND(G94*F94,2) -> 4626.79 | J94: =ROUND(F94*H94,2) -> 5655.33
A95: 11.02 | B95: ED-34493 | C95: SETOP | D95: DISJUNTOR TRIPOLAR TIPO DIN, CORRENTE NOMINAL DE 63A, FORNECIMENTO E INSTALAÇÃO, INCLUSIVE TERMINAL ILHÓS | E95: U | F95: 3 | G95: 82.83 | H95: =ROUND(G95*(1+$I$5),2) -> 101.24 | I95: =ROUND(G95*F95,2) -> 248.49 | J95: =ROUND(F95*H95,2) -> 303.72
A96: 11.03 | B96: ED-34461 | C96: SETOP | D96: DISJUNTOR MONOPOLAR TIPO DIN, CORRENTE NOMINAL DE 16A, FORNECIMENTO E INSTALAÇÃO, INCLUSIVE TERMINAL ILHÓS | E96: U | F96: 13 | G96: 17.89 | H96: =ROUND(G96*(1+$I$5),2) -> 21.87 | I96: =ROUND(G96*F96,2) -> 232.57 | J96: =ROUND(F96*H96,2) -> 284.31
A97: 11.04 | B97: ED-34474 | C97: SETOP | D97: DISJUNTOR BIPOLAR TIPO DIN, CORRENTE NOMINAL DE 16A, FORNECIMENTO E INSTALAÇÃO, INCLUSIVE TERMINAL ILHÓS | E97: U | F97: 10 | G97: 39.92 | H97: =ROUND(G97*(1+$I$5),2) -> 48.79 | I97: =ROUND(G97*F97,2) -> 399.2 | J97: =ROUND(F97*H97,2) -> 487.9
A98: 11.05 | B98: ED-34475 | C98: SETOP | D98: DISJUNTOR BIPOLAR TIPO DIN, CORRENTE NOMINAL DE 20A, FORNECIMENTO E INSTALAÇÃO, INCLUSIVE TERMINAL ILHÓS | E98: U | F98: 2 | G98: 45.68 | H98: =ROUND(G98*(1+$I$5),2) -> 55.83 | I98: =ROUND(G98*F98,2) -> 91.36 | J98: =ROUND(F98*H98,2) -> 111.66
A99: 11.06 | B99: ED-34460 | C99: SETOP | D99: DISJUNTOR MONOPOLAR TIPO DIN, CORRENTE NOMINAL DE 10A, FORNECIMENTO E INSTALAÇÃO, INCLUSIVE TERMINAL ILHÓS | E99: U | F99: 13 | G99: 17.78 | H99: =ROUND(G99*(1+$I$5),2) -> 21.73 | I99: =ROUND(G99*F99,2) -> 231.14 | J99: =ROUND(F99*H99,2) -> 282.49
A100: 11.07 | B100: ED-34462 | C100: SETOP | D100: DISJUNTOR MONOPOLAR TIPO DIN, CORRENTE NOMINAL DE 20A, FORNECIMENTO E INSTALAÇÃO, INCLUSIVE TERMINAL ILHÓS | E100: U | F100: 10 | G100: 16 | H100: =ROUND(G100*(1+$I$5),2) -> 19.56 | I100: =ROUND(G100*F100,2) -> 160 | J100: =ROUND(F100*H100,2) -> 195.6
A101: 11.08 | B101: ED-34463 | C101: SETOP | D101: DISJUNTOR MONOPOLAR TIPO DIN, CORRENTE NOMINAL DE 25A, FORNECIMENTO E INSTALAÇÃO, INCLUSIVE TERMINAL ILHÓS | E101: U | F101: 2 | G101: 19.05 | H101: =ROUND(G101*(1+$I$5),2) -> 23.28 | I101: =ROUND(G101*F101,2) -> 38.1 | J101: =ROUND(F101*H101,2) -> 46.56
A102: 11.09 | B102: ED-34473 | C102: SETOP | D102: DISJUNTOR BIPOLAR TIPO DIN, CORRENTE NOMINAL DE 10A, FORNECIMENTO E INSTALAÇÃO, INCLUSIVE TERMINAL ILHÓS | E102: U | F102: 7 | G102: 49.19 | H102: =ROUND(G102*(1+$I$5),2) -> 60.12 | I102: =ROUND(G102*F102,2) -> 344.33 | J102: =ROUND(F102*H102,2) -> 420.84
A103: 11.10 | B103: ED-34492 | C103: SETOP | D103: DISJUNTOR TRIPOLAR TIPO DIN, CORRENTE NOMINAL DE 50A, FORNECIMENTO E INSTALAÇÃO, INCLUSIVE TERMINAL ILHÓS | E103: U | F103: 2 | G103: 76.3 | H103: =ROUND(G103*(1+$I$5),2) -> 93.26 | I103: =ROUND(G103*F103,2) -> 152.6 | J103: =ROUND(F103*H103,2) -> 186.52
A104: 11.11 | B104: ED-34495 | C104: SETOP | D104: DISJUNTOR TRIPOLAR TIPO DIN, CORRENTE NOMINAL DE 80A, FORNECIMENTO E INSTALAÇÃO, INCLUSIVE TERMINAL ILHÓS | E104: U | F104: 1 | G104: 187.26 | H104: =ROUND(G104*(1+$I$5),2) -> 228.89 | I104: =ROUND(G104*F104,2) -> 187.26 | J104: =ROUND(F104*H104,2) -> 228.89
A105: 11.12 | B105: ED-34496 | C105: SETOP | D105: DISJUNTOR TRIPOLAR TIPO DIN, CORRENTE NOMINAL DE 100A, FORNECIMENTO E INSTALAÇÃO, INCLUSIVE TERMINAL ILHÓS | E105: U | F105: 1 | G105: 186.2 | H105: =ROUND(G105*(1+$I$5),2) -> 227.59 | I105: =ROUND(G105*F105,2) -> 186.2 | J105: =ROUND(F105*H105,2) -> 227.59
... A118: 11.25 | B118: ED-48966 | C118: SETOP | D118: CABO DE COBRE FLEXÍVEL, CLASSE 5, ISOLAMENTO TIPO LSHF/ ATOX, NÃO HALOGENADO, ANTICHAMA, TERMOPLÁSTICO, UNIPOLAR, SEÇÃO 10 MM2, 70°C, 450/750V (VERDE) | E118: M | F118: 30 | G118: 14.72 | H118: =ROUND(G118*(1+$I$5),2) -> 17.99 | I118: =ROUND(G118*F118,2) -> 441.6 | J118: =ROUND(F118*H118,2) -> 539.7
A119: 11.26 | B119: ED-49013 | C119: SETOP | D119: CABO DE COBRE FLEXÍVEL, CLASSE 5, ISOLAMENTO TIPO EPR/ HEPR, NÃO HALOGENADO, ANTICHAMA, TERMOFIXO, UNIPOLAR, SEÇÃO 70 MM2, 90°C, 0,6/1KV (PRETO) | E119: M | F119: =10*4 -> 40 | G119: 87.75 | H119: =ROUND(G119*(1+$I$5),2) -> 107.26 | I119: =ROUND(G119*F119,2) -> 3510 | J119: =ROUND(F119*H119,2) -> 4290.4
A120: 11.27 | B120: ED-49013 | C120: SETOP | D120: CABO DE COBRE FLEXÍVEL, CLASSE 5, ISOLAMENTO TIPO EPR/ HEPR, NÃO HALOGENADO, ANTICHAMA, TERMOFIXO, UNIPOLAR, SEÇÃO 70 MM2, 90°C, 0,6/1KV (AZUL) | E120: M | F120: 10 | G120: 87.75 | H120: =ROUND(G120*(1+$I$5),2) -> 107.26 | I120: =ROUND(G120*F120,2) -> 877.5 | J120: =ROUND(F120*H120,2) -> 1072.6
A121: 11.28 | B121: ED-48971 | C121: SETOP | D121: CABO DE COBRE FLEXÍVEL, CLASSE 5, ISOLAMENTO TIPO LSHF/ ATOX, NÃO HALOGENADO, ANTICHAMA, TERMOPLÁSTICO, UNIPOLAR, SEÇÃO 16 MM2, 70°C, 450/750V(VERDE) | E121: M | F121: 10 | G121: 20.26 | H121: =ROUND(G121*(1+$I$5),2) -> 24.76 | I121: =ROUND(G121*F121,2) -> 202.6 | J121: =ROUND(F121*H121,2) -> 247.6
A122: 11.29 | B122: ED-15733 | C122: SETOP | D122: CONJUNTO DE UM (1) INTERRUPTOR SIMPLES, CORRENTE 10A, TENSÃO 250V, (10A-250V), COM PLACA 4"X2" DE UM (1) POSTO, INCLUSIVE FORNECIMENTO, INSTALAÇÃO, SUPORTE, MÓDULO E PLACA | E122: U | F122: 39 | G122: 31.7 | H122: =ROUND(G122*(1+$I$5),2) -> 38.75 | I122: =ROUND(G122*F122,2) -> 1236.3 | J122: =ROUND(F122*H122,2) -> 1511.25
A123: 11.30 | B123: ED-15748 | C123: SETOP | D123: CONJUNTO DE UMA (1) TOMADA PADRÃO, TRÊS (3) POLOS, CORRENTE 10A, TENSÃO 250V, (2P+T/10A-250V), COM PLACA 4"X2" DE UM (1) POSTO, INCLUSIVE FORNECIMENTO, INSTALAÇÃO, SUPORTE, MÓDULO E PLACA | E123: U | F123: 115 | G123: 30.22 | H123: =ROUND(G123*(1+$I$5),2) -> 36.94 | I123: =ROUND(G123*F123,2) -> 3475.3 | J123: =ROUND(F123*H123,2) -> 4248.1
A124: 11.31 | B124: ED-15749 | C124: SETOP | D124: CONJUNTO DE UMA (1) TOMADA PADRÃO, TRÊS (3) POLOS, CORRENTE 20A, TENSÃO 250V, (2P+T/20A-250V), COM PLACA 4"X2" DE UM (1) POSTO, INCLUSIVE FORNECIMENTO, INSTALAÇÃO, SUPORTE, MÓDULO E PLACA | E124: U | F124: 10 | G124: 32.83 | H124: =ROUND(G124*(1+$I$5),2) -> 40.13 | I124: =ROUND(G124*F124,2) -> 328.3 | J124: =ROUND(F124*H124,2) -> 401.3
A125: 11.32 | B125: 101883 | C125: SINAPI | D125: QUADRO DE DISTRIBUIÇÃO DE ENERGIA EM CHAPA DE AÇO GALVANIZADO, DE EMBUTIR, COM BARRAMENTO TRIFÁSICO, PARA 18 DISJUNTORES DIN 100A - FORNECIMENTO E INSTALAÇÃO. AF_07/2025 | E125: U | F125: 4 | G125: 589.01 | H125: =ROUND(G125*(1+$I$5),2) -> 719.95 | I125: =ROUND(G125*F125,2) -> 2356.04 | J125: =ROUND(F125*H125,2) -> 2879.8
...

Sheet CRON. FISICO-FINAC
E3: CRONOGRAMA FISICO FINANCEIRO
A8: Obra: Reforma, Ampliação e Adequação Sede Própria do IMP
A10: ITEM | B10: DISCRIMINAÇÃO DOS SERVIÇOS | C10: PESO (%) | D10: VALOR (R$) | E10: MESES
E11: 1º MÊS | G11: 2 MÊS | I11: 3 MÊS | K11: 4 MÊS | M11: 5 MÊS | O11: 6 MÊS
E12: % | F12: R$ | G12: % | H12: R$ | I12: % | J12: R$ | K12: % | L12: R$ | M12: % | N12: R$ | O12: % | P12: R$
A13: 1 | B13: ='ORÇAMENTO ANALITICO'!D13 -> SERVIÇOS PRELIMINARES | C13: =D13/$D$27 -> 0.009591872 | D13: ='ORÇAMENTO ANALITICO'!J13 -> 7874.29 | E13: 0.4622 | F13: =E13*$D13 -> 3639.4968 | G13: =100%-E13 -> 0.5378 | H13: =G13*$D13 -> 4234.7932 | J13: =I13*$D13 -> 0 | L13: =K13*$D13 -> 0 | N13: =M13*$D13 -> 0 | P13: =O13*$D13 -> 0 | Q13: =O13+E13+M13+G13+I13+K13 -> 1 | R13: =P13+N13+H13+F13+J13+L13 -> 7874.29
A14: 2 | B14: ='ORÇAMENTO ANALITICO'!D18 -> ESCAVAÇÕES, DEMOLIÇÕES E REMOÇÃO | C14: =D14/$D$27 -> 0.019182136 | D14: ='ORÇAMENTO ANALITICO'!J18 -> 15747.26 | E14: 1 | F14: =E14*$D14 -> 15747.26 | H14: =G14*$D14 -> 0 | J14: =I14*$D14 -> 0 | L14: =K14*$D14 -> 0 | N14: =M14*$D14 -> 0 | P14: =O14*$D14 -> 0 | Q14: =O14+E14+M14+G14+I14+K14 -> 1 | R14: =P14+N14+H14+F14+J14+L14 -> 15747.26
A15: 3 | B15: ='ORÇAMENTO ANALITICO'!D33 -> ALVENÁRIAS | C15: =D15/$D$27 -> 0.043966077 | D15: ='ORÇAMENTO ANALITICO'!J33 -> 36093.23 | E15: 0.3 | F15: =E15*$D15 -> 10827.969 | G15: 0.55 | H15: =G15*$D15 -> 19851.277 | I15: 0.15 | J15: =I15*$D15 -> 5413.9845 | L15: =K15*$D15 -> 0 | N15: =M15*$D15 -> 0 | P15: =O15*$D15 -> 0 | Q15: =O15+E15+M15+G15+I15+K15 -> 1 | R15: =P15+N15+H15+F15+J15+L15 -> 36093.23
A16: 4 | B16: ='ORÇAMENTO ANALITICO'!D40 -> DIVISÕES E REVESTIMENTOS | C16: =D16/$D$27 -> 0.14928362 | D16: ='ORÇAMENTO ANALITICO'!J40 -> 122551.94 | F16: =E16*$D16 -> 0 | G16: 0.15 | H16: =G16*$D16 -> 18382.791 | I16: 0.15 | J16: =I16*$D16 -> 18382.791 | K16: 0.35 | L16: =K16*$D16 -> 42893.179 | M16: 0.35 | N16: =M16*$D16 -> 42893.179 | P16: =O16*$D16 -> 0 | Q16: =O16+E16+M16+G16+I16+K16 -> 1 | R16: =P16+N16+H16+F16+J16+L16 -> 122551.94
A17: 5 | B17: ='ORÇAMENTO ANALITICO'!D52 -> ESQUADRIAS , GRADE PROTEÇÃO | C17: =D17/$D$27 -> 0.10249845 | D17: ='ORÇAMENTO ANALITICO'!J52 -> 84144.42 | F17: =E17*$D17 -> 0 | H17: =G17*$D17 -> 0 | I17: 0.3 | J17: =I17*$D17 -> 25243.326 | K17: 0.5 | L17: =K17*$D17 -> 42072.21 | M17: 0.2 | N17: =M17*$D17 -> 16828.884 | P17: =O17*$D17 -> 0 | Q17: =O17+E17+M17+G17+I17+K17 -> 1 | R17: =P17+N17+H17+F17+J17+L17 -> 84144.42
A18: 6 | B18: ='ORÇAMENTO ANALITICO'!D64 -> CORTE E DOBRA DE AÇO | C18: =D18/$D$27 -> 0.029299763 | D18: ='ORÇAMENTO ANALITICO'!J64 -> 24053.16 | E18: 0.4 | F18: =E18*$D18 -> 9621.264 | G18: 0.4 | H18: =G18*$D18 -> 9621.264 | I18: 0.2 | J18: =I18*$D18 -> 4810.632 | L18: =K18*$D18 -> 0 | N18: =M18*$D18 -> 0 | P18: =O18*$D18 -> 0 | Q18: =O18+E18+M18+G18+I18+K18 -> 1 | R18: =P18+N18+H18+F18+J18+L18 -> 24053.16
A19: 7 | B19: ='ORÇAMENTO ANALITICO'!D68 -> CONCRETO, FORMA E DESFORMA | C19: =D19/$D$27 -> 0.03958241 | D19: ='ORÇAMENTO ANALITICO'!J68 -> 32494.53 | E19: 0.1 | F19: =E19*$D19 -> 3249.453 | G19: 0.7 | H19: =G19*$D19 -> 22746.171 | I19: 0.2 | J19: =I19*$D19 -> 6498.906 | L19: =K19*$D19 -> 0 | N19: =M19*$D19 -> 0 | P19: =O19*$D19 -> 0 | Q19: =O19+E19+M19+G19+I19+K19 -> 1 | R19: =P19+N19+H19+F19+J19+L19 -> 32494.53
A20: 8 | B20: ='ORÇAMENTO ANALITICO'!D72 -> ANDAIME | C20: =D20/$D$27 -> 0.026978747 | D20: ='ORÇAMENTO ANALITICO'!J72 -> 22147.76 | F20: =E20*$D20 -> 0 | G20: 0.4 | H20: =G20*$D20 -> 8859.104 | I20: 0.3 | J20: =I20*$D20 -> 6644.328 | K20: 0.3 | L20: =K20*$D20 -> 6644.328 | N20: =M20*$D20 -> 0 | P20: =O20*$D20 -> 0 | Q20: =O20+E20+M20+G20+I20+K20 -> 1 | R20: =P20+N20+H20+F20+J20+L20 -> 22147.76
A21: 9 | B21: ='ORÇAMENTO ANALITICO'!D76 -> PINTURA | C21: =D21/$D$27 -> 0.058502259 | D21: ='ORÇAMENTO ANALITICO'!J76 -> 48026.47 | F21: =E21*$D21 -> 0 | H21: =G21*$D21 -> 0 | J21: =I21*$D21 -> 0 | K21: 0.4 | L21: =K21*$D21 -> 19210.588 | M21: 0.4 | N21: =M21*$D21 -> 19210.588 | O21: 0.2 | P21: =O21*$D21 -> 9605.294 | Q21: =O21+E21+M21+G21+I21+K21 -> 1 | R21: =P21+N21+H21+F21+J21+L21 -> 48026.47
A22: 10 | B22: ='ORÇAMENTO ANALITICO'!D83 -> COBERTURA | C22: =D22/$D$27 -> 0.12106515 | D22: ='ORÇAMENTO ANALITICO'!J83 -> 99386.45 | F22: =E22*$D22 -> 0 | H22: =G22*$D22 -> 0 | I22: 0.69 | J22: =I22*$D22 -> 68576.65 | K22: 0.1 | L22: =K22*$D22 -> 9938.645 | M22: 0.21 | N22: =M22*$D22 -> 20871.154 | P22: =O22*$D22 -> 0 | Q22: =O22+E22+M22+G22+I22+K22 -> 1 | R22: =P22+N22+H22+F22+J22+L22 -> 99386.45
A23: 11 | B23: ='ORÇAMENTO ANALITICO'!D93 -> INSTALAÇÕES ELETRICAS | C23: =D23/$D$27 -> 0.091500872 | D23: ='ORÇAMENTO ANALITICO'!J93 -> 75116.14 | F23: =E23*$D23 -> 0 | G23: 0.2 | H23: =G23*$D23 -> 15023.228 | I23: 0.4 | J23: =I23*$D23 -> 30046.456 | K23: 0.4 | L23: =K23*$D23 -> 30046.456 | N23: =M23*$D23 -> 0 | P23: =O23*$D23 -> 0 | Q23: =O23+E23+M23+G23+I23+K23 -> 1 | R23: =P23+N23+H23+F23+J23+L23 -> 75116.14
A24: 12 | B24: ='ORÇAMENTO ANALITICO'!D133 -> CABEAMENTO | C24: =D24/$D$27 -> 0.034912933 | D24: ='ORÇAMENTO ANALITICO'!J133 -> 28661.2 | F24: =E24*$D24 -> 0 | H24: =G24*$D24 -> 0 | I24: 0.2 | J24: =I24*$D24 -> 5732.24 | K24: 0.8 | L24: =K24*$D24 -> 22928.96 | N24: =M24*$D24 -> 0 | P24: =O24*$D24 -> 0 | Q24: =O24+E24+M24+G24+I24+K24 -> 1 | R24: =P24+N24+H24+F24+J24+L24 -> 28661.2
A25: 13 | B25: ='ORÇAMENTO ANALITICO'!D141 -> INSTALAÇÕES HIDRO SANITÁRIAS | C25: =D25/$D$27 -> 0.044630723 | D25: ='ORÇAMENTO ANALITICO'!J141 -> 36638.86 | F25: =E25*$D25 -> 0 | H25: =G25*$D25 -> 0 | I25: 0.2 | J25: =I25*$D25 -> 7327.772 | K25: 0.2 | L25: =K25*$D25 -> 7327.772 | M25: 0.3 | N25: =M25*$D25 -> 10991.658 | O25: 0.3 | P25: =O25*$D25 -> 10991.658 | Q25: =O25+E25+M25+G25+I25+K25 -> 1 | R25: =P25+N25+H25+F25+J25+L25 -> 36638.86
A26: 14 | B26: ='ORÇAMENTO ANALITICO'!D171 -> SERVIÇOS COMPLEMENTARES | C26: =D26/$D$27 -> 0.22900499 | D26: ='ORÇAMENTO ANALITICO'!J171 -> 187997.89 | F26: =E26*$D26 -> 0 | G26: 0.038 | H26: =G26*$D26 -> 7143.9198 | J26: =I26*$D26 -> 0 | L26: =K26*$D26 -> 0 | M26: 0.4 | N26: =M26*$D26 -> 75199.156 | O26: =100%-M26-G26 -> 0.562 | P26: =O26*$D26 -> 105654.81 | Q26: =O26+E26+M26+G26+I26+K26 -> 1 | R26: =P26+N26+H26+F26+J26+L26 -> 187997.89
A27: TOTAL | B27: SIMPLES | C27: =SUM(C13:C26) -> 1 | D27: =SUM(D13:D26) -> 820933.6 | E27: =F27/$D$27 -> 0.052483469 | F27: =SUM(F13:F26) -> 43085.443 | G27: =H27/$D$27 -> 0.12895385 | H27: =SUM(H13:H26) -> 105862.55 | I27: =J27/$D$27 -> 0.21765108 | J27: =SUM(J13:J26) -> 178677.09 | K27: =L27/$D$27 -> 0.22055637 | L27: =SUM(L13:L26) -> 181062.14 | M27: =N27/$D$27 -> 0.22656475 | N27: =SUM(N13:N26) -> 185994.62 | O27: =P27/$D$27 -> 0.15379047 | P27: =SUM(P13:P26) -> 126251.77 | Q27: =O27+E27+M27+G27+K27+I27 -> 1 | R27: =P27+N27+H27+F27+J27+L27 -> 820933.6
B28: ACUMULADO | E28: =SUM(E27) -> 0.052483469 | F28: =F27 -> 43085.443 | G28: =E28+G27 -> 0.18143732 | H28: =F28+H27 -> 148947.99 | I28: =G28+I27 -> 0.3990884 | J28: =H28+J27 -> 327625.08 | K28: =I28+K27 -> 0.61964477 | L28: =J28+L27 -> 508687.21 | M28: =K28+M27 -> 0.84620953 | N28: =L28+N27 -> 694681.83 | O28: =M28+O27 -> 1 | P28: =P27+N28 -> 820933.6
Q32: =3000.8/3 -> 1000.2667 | R32: 33184.84
Q33: =Q32/3000.8 -> 0.33333333 | R33: =R32/76433.82 -> 0.43416435

Sheet BDI
E5: BDI
E11: Obra: Reforma, Ampliação e Adequação Sede Própria do IMP

Sheet MEMORIA - CALCULO
E2: Obra: Reforma, Ampliação e Adequação Sede Própria do IMP | K2: BDI | L2: PRAZO EXECUÇÃO
L3: 6 MESES
L4: DATA
K5: 0.2223 | L5: 45859
K6: REFERÊNCIAS
E8: Endereço: Rua Newton Penido n° 54/56 Municipío de Itaúna | K8: SETOP ABRIL/2025
K9: SINAPI 07/2025
A10: ITEM | B10: DESCRIÇÃO SERVIÇO | D10: LOCAL | E10: COMPRIM. | F10: ALTURA | G10: LARGURA | H10: REPET. | I10: DESCONTO | J10: QUANTI. | K10: TOTAL | L10: UND
A13: 1.1
A14: 1.2
A15: 1.3
A17: 2 | B17: ESCAVAÇÕES, DEMOLIÇÕES E REMOÇÃO
A19: 2.1 | B19: DEMOLIÇÃO MANUAL DE ALVENARIA | D19: Sala1 - 1° piso | E19: 3.1 | F19: 2.95 | G19: 0.15 | J19: =G19*F19*E19 -> 1.37175 | K19: =SUM(J19:J31) -> 9.4449 | L19: m3
D20: Antiga cozinha 1° piso | E20: 2.65 | F20: 2.2 | G20: 0.15 | J20: =G20*F20*E20 -> 0.8745
D21: Antiga cozinha 1° piso | E21: 1.18 | F21: 2.95 | G21: 0.15 | J21: =G21*F21*E21 -> 0.52215
D22: abertura para porta Sala 1° piso | E22: 0.9 | F22: 2.1 | G22: 0.15 | J22: =G22*F22*E22 -> 0.2835
D23: abert. porta banheiro 1° piso | E23: 0.9 | F23: 2.1 | G23: 0.15 | J23: =G23*F23*E23 -> 0.2835
D24: abert. Porta hall escada 1° piso | E24: 0.9 | F24: 2.1 | G24: 0.15 | J24: =G24*F24*E24 -> 0.2835
D25: abert. Acesso elevador | E25: 1.6 | F25: 2.2 | G25: 0.15 | J25: =G25*F25*E25 -> 0.528
D26: abertura para porta Sala 2° piso | E26: 0.9 | F26: 2.1 | G26: 0.15 | J26: =G26*F26*E26 -> 0.2835
D27: abert. porta banheiro 2° piso | E27: 0.9 | F27: 2.1 | G27: 0.15 | J27: =G27*F27*E27 -> 0.2835
D28: abert. Acesso elevador 2° piso | E28: 1.6 | F28: 2.2 | G28: 0.15 | J28: =G28*F28*E28 -> 0.528
D29: platibanda frontal 3° piso | E29: 9.52 | F29: 1 | G29: 0.15 | J29: =G29*F29*E29 -> 1.428
D30: abert. Acesso elevador 3° piso | E30: 1.6 | F30: 1.5 | G30: 0.15 | J30: =G30*F30*E30 -> 0.36
D31: banheiro existente 3° piso | E31: =1.9+2.2+1.7+2.25 -> 8.05 | F31: 2 | G31: 0.15 | J31: =G31*F31*E31 -> 2.415
A33: 2.2 | B33: DEMOLIÇÃO MANUAL DE REVESTIMENTO CERÂMICO | D33: Antiga cozinha 1° piso | E33: 10.85 | F33: 1.5 | I33: =(2.1*0.8) -> 1.68 | J33: =(E33*F33)-I33 -> 14.595 | K33: =SUM(J33:J40) -> 133.205 | L33: M2
D34: Banheiro pdc 1° piso | E34: =(6.6+3.1) -> 9.7 | F34: 2.95 | I34: =(0.9*2.1)+(0.4*0.4) -> 2.05 | J34: =(E34*F34)-I34 -> 26.565
D35: Banheiro 1° piso | E35: =(2.9+6.6) -> 9.5 | F35: 2.95 | I35: =(0.6*2.1)+(0.4*0.4) -> 1.42 | J35: =(E35*F35)-I35 -> 26.605
D36: Banheiro pdc 2° piso | E36: =(6.6+3.1) -> 9.7 | F36: 2.95 | I36: =(0.9*2.1)+(0.4*0.4) -> 2.05 | J36: =(E36*F36)-I36 -> 26.565
D37: Banheiro 2° piso | E37: =(2.9+6.6) -> 9.5 | F37: 2.95 | I37: =(0.6*2.1)+(0.4*0.4) -> 1.42 | J37: =(E37*F37)-I37 -> 26.605
D38: Antiga cozinha 2° piso | E38: 4.8 | F38: 2.95 | I38: =0.9*2.1 -> 1.89 | J38: =(E38*F38)-I38 -> 12.27
J39: =(E39*F39)-G39 -> 0
J40: =(E40*F40)-G40 -> 0
A42: 2.3 | B42: DEMOLIÇÃO MANUAL DE PISO CERÂMICO | D42: Sala 1° pavimento | E42: 2.95 | G42: 3.7 | J42: =(E42*G42) -> 10.915 | K42: =SUM(J42:J54) -> 53.534 | L42: M2
D43: Corredor 1° pavimento | E43: 3.85 | G43: 1.18 | J43: =(E43*G43) -> 4.543
D44: antiga cozinha 1° pavimento | E44: 3.5 | G44: 4.28 | J44: =(E44*G44) -> 14.98
D45: Antiga varanda 1° pavimento | E45: 2.06 | G45: 1.6 | J45: =(E45*G45) -> 3.296
D46: Banheiro pdc 1° pavimento | E46: 3.3 | G46: 1.55 | J46: =(E46*G46) -> 5.115
D47: Banheiro 1° pavimento | E47: 3.3 | G47: 1.45 | J47: =(E47*G47) -> 4.785
D48: Banheiro pdc 2° pavimento | E48: 3.3 | G48: 1.55 | J48: =(E48*G48) -> 5.115
D49: Banheiro 2° pavimento | E49: 3.3 | G49: 1.45 | J49: =(E49*G49) -> 4.785
J50: =(E50*G50) -> 0
J51: =(E51*G51) -> 0
J52: =(E52*G52) -> 0
J53: =(E53*G53) -> 0
J54: =(E54*G54) -> 0
A56: 2.4 | B56: DEMOLIÇÃO DE LAJE | D56: Hall escada 2° pavimento | E56: 4.12 | F56: 0.12 | G56: 2 | J56: =G56*F56*E56 -> 0.9888 | K56: =J56 -> 0.9888 | L56: M3
A58: 2.5 | B58: ESCAVAÇÃO MANUAL DE VALA | D58: Sala 1 - 1° piso | E58: 3.25 | F58: 0.3 | G58: 0.25 | J58: =G58*F58*E58 -> 0.24375 | K58: =SUM(J58:J70)*1.3 -> 7.908225 | L58: m3
D59: Sala 1 - 1° piso | E59: 3.25 | F59: 0.3 | G59: 0.25 | J59: =G59*F59*E59 -> 0.24375
D60: Sala 1 - 1° piso | E60: 3.1 | F60: 0.3 | G60: 0.25 | J60: =G60*F60*E60 -> 0.2325
D61: Antiga cozinha 1° piso | E61: 5.6 | F61: 0.3 | G61: 0.25 | J61: =G61*F61*E61 -> 0.42
D62: Fosso elevador | E62: 1.95 | F62: 1.3 | G62: 1.95 | J62: =G62*F62*E62 -> 4.94325
D63: Taxa empolamento 30% | J63: =G63*F63*E63 -> 0
J64: =G64*F64*E64 -> 0
J65: =G65*F65*E65 -> 0
J66: =G66*F66*E66 -> 0
J67: =G67*F67*E67 -> 0
J68: =G68*F68*E68 -> 0
J69: =G69*F69*E69 -> 0
J70: =G70*F70*E70 -> 0
A72: 2.6 | B72: APILOAMENTO FUNDO DE VALA | D72: Sala 1° piso | E72: 3.25 | G72: 0.25 | J72: =G72*E72 -> 0.8125 | K72: =SUM(J72:J84) -> 7.6025 | L72: m2
D73: Sala 1° piso | E73: 3.25 | G73: 0.25 | J73: =G73*E73 -> 0.8125
D74: Sala 1° piso | E74: 3.1 | G74: 0.25 | J74: =G74*E74 -> 0.775
D75: Antiga cozinha 1° piso | E75: 5.6 | G75: 0.25 | J75: =G75*E75 -> 1.4
D76: Fosso elevador | E76: 1.95 | G76: 1.95 | J76: =G76*E76 -> 3.8025
J77: =G77*E77 -> 0
J78: =G78*E78 -> 0
J79: =G79*E79 -> 0
J80: =G80*E80 -> 0
J81: =G81*E81 -> 0
J82: =G82*E82 -> 0
J83: =G83*E83 -> 0
J84: =G84*E84 -> 0
A86: 2.7 | B86: TRASNPORTE DEMOLIÇÃO | D86: Material demolido | J86: =K58+K56+K19+(K106*0.1) -> 26.371925 | K86: =J86 -> 26.371925 | L86: M3
A88: 2.8 | B88: TRASNPORTE EM CAÇAMBA | D88: Material demolido | J88: =J86 -> 26.371925 | K88: =J88 -> 26.371925 | L88: M3
A90: 2.9 | B90: REMOÇÃO TELHA FIBROCIMENTO | D90: Cobertura garagem (ret. Auto cad) | J90: 69.84 | K90: =J90 -> 69.84 | L90: m2
A92: 2.1 | B92: REMOÇÃO MANUAL FOLHA PORTA ou JANELA MADEIRA/METALICA | D92: Portas 0.70 1° pavimento 4x | F92: 2.1 | G92: 0.7 | H92: 4 | J92: =F92*G92*H92 -> 5.88 | K92: =SUM(J92:J97) -> 18.16 | L92: m2
D93: Portas 0.80 1° pavimento 2x | F93: 2.1 | G93: 0.8 | H93: 2 | J93: =F93*G93*H93 -> 3.36
D94: Portas 0.70 2° pavimento 4x | F94: 2.1 | G94: 0.7 | H94: 4 | J94: =F94*G94*H94 -> 5.88
D95: Portas 0.80 1° pavimento 1x | F95: 2.1 | G95: 0.8 | H95: 1 | J95: =F95*G95*H95 -> 1.68
D96: Janela hall escada | F96: 1.7 | G96: 0.8 | H96: 1 | J96: =F96*G96*H96 -> 1.36
J97: =G97*E97*F97 -> 0
A99: 2.11 | B99: REMOÇÃO MANUAL MARCO PORTA MADEIRA/METALICA | D99: Portas 0.70 1° pavimento 4x | J99: 4 | K99: =SUM(J99:J102) -> 11 | L99: m2
D100: Portas 0.80 1° pavimento 2x | J100: 2
D101: Portas 0.70 2° pavimento 4x | J101: 4
D102: Portas 0.80 1° pavimento 1x | J102: 1
A104: 2.12 | B104: REMOÇÃO TELHA METALICA OU PVC | D104: Cobertura (ret. Auto cad) | J104: 215.92 | K104: =J104 -> 215.92 | L104: m2
A106: 2.13 | B106: DEMOLIÇÃO PISO CIMENTADO | D106: Garagem (ret. Auto cad) | J106: 80.3 | K106: =J106 -> 80.3 | L106: m2
A108: 3 | B108: ALVENARIAS
A110: 3.1 | B110: ALVENÁRIA DE VEDAÇÃO ESP. 14 CM | D110: Sala 1 - 1° Piso | E110: 3.25 | F110: 2.95 | I110: =1.2*1.2 -> 1.44 | J110: =(E110*F110)-I110 -> 8.1475 | K110: =SUM(J110:J124) -> 202.3225 | L110: m2
D111: Sala 1 - 1° Piso | E111: 3.1 | F111: 2.95 | I111: =0.8*2.1 -> 1.68 | J111: =(E111*F111)-I111 -> 7.465
D112: Sala 2 - 1° Piso | E112: 3.1 | F112: 2.95 | I112: =0.8*2.1 -> 1.68 | J112: =(E112*F112)-I112 -> 7.465
D113: Sala 3 - 1° Piso | E113: 5.6 | F113: 2.95 | I113: =(2.1*0.8)+(1.2*1.2)+(1.5*1.2) -> 4.92 | J113: =(E113*F113)-I113 -> 11.6
D114: Fechamento porta sala 1° piso | E114: 0.8 | F114: 2.1 | J114: =(E114*F114)-I114 -> 1.68
D115: Fechamento porta banheiro 1° piso | E115: 0.6 | F115: 2.1 | J115: =(E115*F115)-I115 -> 1.26
D116: Fechamento porta sala 2° piso | E116: 0.8 | F116: 2.1 | J116: =(E116*F116)-I116 -> 1.68
D117: Fechamento porta banheiro 2° piso | E117: 0.6 | F117: 2.1 | J117: =(E117*F117)-I117 -> 1.26
D118: Caixa Elevador | E118: =(1.95+1.95+1.95)-0.6 -> 5.25 | F118: 10.28 | J118: =(E118*F118)-I118 -> 53.97
D119: Auditório | E119: =3.62+17.74 -> 21.36 | F119: 3.1 | I119: =((0.9*2.1)+(0.7*2.1)+((2.5*1.2)*3)+(0.3*19.07)+((0.3*2.8)*4))+(21.36*1.5) -> 53.481 | J119: =(E119*F119)-I119 -> 12.735
D120: Auditório | E120: =9.1+6.2 -> 15.3 | F120: 3.8 | I120: =((2.3*1.3)*2)+(2.5*1.2)+(1.35*1.2)+((0.3*3.5)*4)+(5.9*1.5) -> 23.65 | J120: =(E120*F120)-I120 -> 34.49
...

Sheet  COTAÇÃO.
B2: COTAÇÃO ELEVADOR
B4: FABRICAÇÃO DE UM ELEVADOR DE PASSAGEIRO CARGA MIN. DE 400 KG - 03 PARADAS
B9: EMPRESA: ELEVADORES DE CARGA BRAGANÇA | G9: EMPRESA: MONTELE ELEVADORES | K9: EMPRESA: AMPLA ELEVADORES
B10: CNPJ: 21.094.394/0001-64 | G10: CNPJ: | K10: CNPJ: 29.622.429/0001-00
B11: EMAIL: CONTATO@ELEVADORESBRAGANCA.COM.BR | G11: EMAIL: RAFAEL.MOURA@MONTELE.IND.BR | K11: EMAIL: PROJETOS.AMPLAELEVADORES@GMAIL.COM
B12: FONE: 31 971129569 | G12: FONE: 31 996010286 | K12: FONE: 31 41341230
B14: VALOR: | C14: 128300 | G14: VALOR: | H14: 155481.39 | K14: VALOR: | L14: 110500
B16: MÉDIA | D16: =(H14+C14+L14)/3 -> 131427.13

Sheet Plan5
D3: AREA FORRO PVC | K3: AREA PINTURA TETO
D4: 1 piso | G4: 2 piso | K4: 1 piso | N4: 2 piso
E5: COZINHA | I5: =G5+G6+G7+G8+G9+G10+G11 -> 0 | L5: 8.26 | O5: 13.44 | P5: =L5+L6+L7+L8+L9+L10+L11+L12+L13+L14+L15+L16+O5+O6+O7+O8+O9+O10+O11+O12+O13+O14+O15 -> 267.52
L6: 7.99 | O6: 14.87
L7: 16.64
L8: 14.46 | O8: 9.9
L9: 14.87 | O9: 13.35
L10: 16.66 | O10: 16.96
L11: 14.19 | O11: 18.08
L12: 13.35 | O12: 11.9
L13: 9.9 | O13: 5.79
L14: 16.96
L15: 18.05
L16: 11.9

Sheet BDI CALCULO
B2: BDI | AC2: 1 | AG2: CONSTRUÇÃO DE EDIFÍCIOS | AH2: 0.04 | AI2: 0.008 | AJ2: 0.0127 | AK2: 0.0123 | AL2: 0.074 | AN2: CONSTRUÇÃO DE EDIFÍCIOS | AO2: 0.03 | AP2: 0.008 | AQ2: 0.0097 | AR2: 0.0059 | AS2: 0.0616 | AU2: CONSTRUÇÃO DE EDIFÍCIOS | AV2: 0.055 | AW2: 0.01 | AX2: 0.0127 | AY2: 0.0139 | AZ2: 0.0896
T3: PLANILHA MODELO: | AA3: REV_00 | AG3: CONSTRUÇÃO DE RODOVIAS E FERROVIAS | AH3: 0.0401 | AI3: 0.004 | AJ3: 0.0056 | AK3: 0.0111 | AL3: 0.073 | AN3: CONSTRUÇÃO DE RODOVIAS E FERROVIAS | AO3: 0.038 | AP3: 0.0032 | AQ3: 0.005 | AR3: 0.0102 | AS3: 0.0664 | AU3: CONSTRUÇÃO DE RODOVIAS E FERROVIAS | AV3: 0.0467 | AW3: 0.0074 | AX3: 0.0097 | AY3: 0.0121 | AZ3: 0.0869
T4: NÃO DESONERADA | AA4: 01/03/ | AG4: CONSTRUÇÃO DE REDES DE ABASTECIMENTO DE ÁGUA, COLETA DE ESGOTO E CONSTRUÇÕES CORRELATAS | AH4: 0.0493 | AI4: 0.0049 | AJ4: 0.0139 | AK4: 0.0099 | AL4: 0.0804 | AN4: CONSTRUÇÃO DE REDES DE ABASTECIMENTO DE ÁGUA, COLETA DE ESGOTO E CONSTRUÇÕES CORRELATAS | AO4: 0.0343 | AP4: 0.0028 | AQ4: 0.01 | AR4: 0.0094 | AS4: 0.0674 | AU4: CONSTRUÇÃO DE REDES DE ABASTECIMENTO DE ÁGUA, COLETA DE ESGOTO E CONSTRUÇÕES CORRELATAS | AV4: 0.0671 | AW4: 0.0075 | AX4: 0.0174 | AY4: 0.0117 | AZ4: 0.094
B5: PROJETO: | C5: Reforma, Ampliação e Adequação Sede Própria do IMP | T5: TERCEIRO QUARTIL | AG5: CONSTRUÇÃO DE MANUNTEÇÃO DE ESTAÇÕES E REDES DE DISTRIBUIÇÃO DE ENERGIA ELÉTRICA | AH5: 0.0592 | AI5: 0.0051 | AJ5: 0.0148 | AK5: 0.0107 | AL5: 0.0831 | AN5: CONSTRUÇÃO DE MANUNTEÇÃO DE ESTAÇÕES E REDES DE DISTRIBUIÇÃO DE ENERGIA ELÉTRICA | AO5: 0.0529 | AP5: 0.0025 | AQ5: 0.01 | AR5: 0.0101 | AS5: 0.08 | AU5: CONSTRUÇÃO DE MANUNTEÇÃO DE ESTAÇÕES E REDES DE DISTRIBUIÇÃO DE ENERGIA ELÉTRICA | AV5: 0.0793 | AW5: 0.0056 | AX5: 0.0197 | AY5: 0.0111 | AZ5: 0.0951
B6: CONSTRUÇÃO DE EDIFÍCIOS | AG6: OBRAS PORTUÁRIAS, MARÍTIMAS E FLUVIAIS | AH6: 0.0552 | AI6: 0.0122 | AJ6: 0.0232 | AK6: 0.0102 | AL6: 0.084 | AN6: OBRAS PORTUÁRIAS, MARÍTIMAS E FLUVIAIS | AO6: 0.04 | AP6: 0.0081 | AQ6: 0.0146 | AR6: 0.0094 | AS6: 0.0714 | AU6: OBRAS PORTUÁRIAS, MARÍTIMAS E FLUVIAIS | AV6: 0.0785 | AW6: 0.0199 | AX6: 0.0316 | AY6: 0.0133 | AZ6: 0.1043
AG7: CAEMA | AH7: 0.0493 | AI7: 0.0049 | AJ7: 0.0139 | AK7: 0.0099 | AL7: 0.0804 | AN7: CAEMA | AO7: 0.0493 | AP7: 0.0049 | AQ7: 0.0139 | AR7: 0.0099 | AS7: 0.0804 | AU7: CAEMA | AV7: 0.0493 | AW7: 0.0049 | AX7: 0.0139 | AY7: 0.0099 | AZ7: 0.0804
B8: AC = | C8: ADMINISTRAÇÃO CENTRAL = | H8: 0.04
B9: S + G = | C9: SEGURO + GARANTIAS = | H9: 0.008 | AH9: QUARTIL MÉDIO | AO9: 1 QUARTIL | AV9: 3 QUARTIL
B10: R = | C10: RISCO = | H10: 0.0127 | AH10: ADM | AI10: SG | AJ10: RI | AK10: DF | AL10: LU | AO10: ADM | AP10: SG | AQ10: RI | AR10: DF | AS10: LU | AV10: ADM | AW10: SG | AX10: RI | AY10: DF | AZ10: LU
B11: DF = | C11: DESPESAS FINANCEIRAS = | H11: 0.0123
B12: L = | C12: LUCRO = | H12: 0.074
B13: I = | C13: IMPOSTOS = | H13: 0.0565
F14: COFINS | H14: 0.03
F15: PIS | H15: 0.0065
F16: ISS | H16: 0.02
F17: CPRB | H17: -
C22: BDI = | D22: [ | E22: [( | F22: 1 | G22: + | H22: =H8 -> 0.04 | I22: + | J22: =H9 -> 0.008 | K22: + | L22: =H10 -> 0.0127 | M22: )x | N22: ( | O22: 1 | P22: + | Q22: =H11 -> 0.0123 | R22: )x | S22: ( | T22: 1 | U22: + | V22: =H12 -> 0.074 | W22: )] | X22: ] | Y22: -1 | Z22: = | AA22: =ROUND((((F22+H22+J22+L22)*(O22+Q22)*(T22+V22))/(O24-Q24))-1,4) -> 0.2223
N24: ( | O24: 1 | P24: - | Q24: =H13 -> 0.0565 | R24: )
B26: 1 - FORMULA CONFORME ACORDAO nº 2622/2013 TCU - PLENÁRIO

Sheet MEMORIA CALCULO
E2: Obra: Reforma, Ampliação e Adequação Sede Própria do IMP | K2: BDI | L2: PRAZO EXECUÇÃO
L3: 6 MESES
L4: DATA
K5: 0.2223 | L5: 46050
K6: REFERÊNCIAS
E8: Endereço: Rua Newton Penido n° 54/56 Municipío de Itaúna | K8: SETOP OUT/2025
K9: SINAPI 12/2025
A10: ITEM | B10: DESCRIÇÃO SERVIÇO | D10: LOCAL | E10: COMPRIM. | F10: ALTURA | G10: LARGURA | H10: REPET. | I10: DESCONTO | J10: QUANTI. | K10: TOTAL | L10: UND
A13: 1.1
A14: 1.2
A15: 1.3
A17: 2 | B17: ESCAVAÇÕES, DEMOLIÇÕES E REMOÇÃO
A19: 2.1 | B19: DEMOLIÇÃO MANUAL DE ALVENARIA | D19: Sala1 - 1° piso | E19: 3.1 | F19: 2.95 | G19: 0.15 | J19: =G19*F19*E19 -> 1.37175 | K19: =SUM(J19:J31) -> 9.4449 | L19: m3
D20: Antiga cozinha 1° piso | E20: 2.65 | F20: 2.2 | G20: 0.15 | J20: =G20*F20*E20 -> 0.8745
D21: Antiga cozinha 1° piso | E21: 1.18 | F21: 2.95 | G21: 0.15 | J21: =G21*F21*E21 -> 0.52215
D22: abertura para porta Sala 1° piso | E22: 0.9 | F22: 2.1 | G22: 0.15 | J22: =G22*F22*E22 -> 0.2835
D23: abert. porta banheiro 1° piso | E23: 0.9 | F23: 2.1 | G23: 0.15 | J23: =G23*F23*E23 -> 0.2835
D24: abert. Porta hall escada 1° piso | E24: 0.9 | F24: 2.1 | G24: 0.15 | J24: =G24*F24*E24 -> 0.2835
D25: abert. Acesso elevador | E25: 1.6 | F25: 2.2 | G25: 0.15 | J25: =G25*F25*E25 -> 0.528
D26: abertura para porta Sala 2° piso | E26: 0.9 | F26: 2.1 | G26: 0.15 | J26: =G26*F26*E26 -> 0.2835
D27: abert. porta banheiro 2° piso | E27: 0.9 | F27: 2.1 | G27: 0.15 | J27: =G27*F27*E27 -> 0.2835
D28: abert. Acesso elevador 2° piso | E28: 1.6 | F28: 2.2 | G28: 0.15 | J28: =G28*F28*E28 -> 0.528
D29: platibanda frontal 3° piso | E29: 9.52 | F29: 1 | G29: 0.15 | J29: =G29*F29*E29 -> 1.428
D30: abert. Acesso elevador 3° piso | E30: 1.6 | F30: 1.5 | G30: 0.15 | J30: =G30*F30*E30 -> 0.36
D31: banheiro existente 3° piso | E31: =1.9+2.2+1.7+2.25 -> 8.05 | F31: 2 | G31: 0.15 | J31: =G31*F31*E31 -> 2.415
A33: 2.2 | B33: DEMOLIÇÃO MANUAL DE REVESTIMENTO CERÂMICO | D33: Antiga cozinha 1° piso | E33: 10.85 | F33: 1.5 | I33: =(2.1*0.8) -> 1.68 | J33: =(E33*F33)-I33 -> 14.595 | K33: =SUM(J33:J40) -> 133.205 | L33: M2
D34: Banheiro pdc 1° piso | E34: =(6.6+3.1) -> 9.7 | F34: 2.95 | I34: =(0.9*2.1)+(0.4*0.4) -> 2.05 | J34: =(E34*F34)-I34 -> 26.565
D35: Banheiro 1° piso | E35: =(2.9+6.6) -> 9.5 | F35: 2.95 | I35: =(0.6*2.1)+(0.4*0.4) -> 1.42 | J35: =(E35*F35)-I35 -> 26.605
D36: Banheiro pdc 2° piso | E36: =(6.6+3.1) -> 9.7 | F36: 2.95 | I36: =(0.9*2.1)+(0.4*0.4) -> 2.05 | J36: =(E36*F36)-I36 -> 26.565
D37: Banheiro 2° piso | E37: =(2.9+6.6) -> 9.5 | F37: 2.95 | I37: =(0.6*2.1)+(0.4*0.4) -> 1.42 | J37: =(E37*F37)-I37 -> 26.605
D38: Antiga cozinha 2° piso | E38: 4.8 | F38: 2.95 | I38: =0.9*2.1 -> 1.89 | J38: =(E38*F38)-I38 -> 12.27
J39: =(E39*F39)-G39 -> 0
J40: =(E40*F40)-G40 -> 0
A42: 2.3 | B42: DEMOLIÇÃO MANUAL DE PISO CERÂMICO | D42: Sala 1° pavimento | E42: 2.95 | G42: 3.7 | J42: =(E42*G42) -> 10.915 | K42: =SUM(J42:J54) -> 53.534 | L42: M2
D43: Corredor 1° pavimento | E43: 3.85 | G43: 1.18 | J43: =(E43*G43) -> 4.543
D44: antiga cozinha 1° pavimento | E44: 3.5 | G44: 4.28 | J44: =(E44*G44) -> 14.98
D45: Antiga varanda 1° pavimento | E45: 2.06 | G45: 1.6 | J45: =(E45*G45) -> 3.296
D46: Banheiro pdc 1° pavimento | E46: 3.3 | G46: 1.55 | J46: =(E46*G46) -> 5.115
D47: Banheiro 1° pavimento | E47: 3.3 | G47: 1.45 | J47: =(E47*G47) -> 4.785
D48: Banheiro pdc 2° pavimento | E48: 3.3 | G48: 1.55 | J48: =(E48*G48) -> 5.115
D49: Banheiro 2° pavimento | E49: 3.3 | G49: 1.45 | J49: =(E49*G49) -> 4.785
J50: =(E50*G50) -> 0
J51: =(E51*G51) -> 0
J52: =(E52*G52) -> 0
J53: =(E53*G53) -> 0
J54: =(E54*G54) -> 0
A56: 2.4 | B56: DEMOLIÇÃO DE LAJE | D56: Hall escada 2° pavimento | E56: 4.12 | F56: 0.12 | G56: 2 | J56: =G56*F56*E56 -> 0.9888 | K56: =J56 -> 0.9888 | L56: M3
A58: 2.5 | B58: ESCAVAÇÃO MANUAL DE VALA | D58: Sala 1 - 1° piso | E58: 3.25 | F58: 0.3 | G58: 0.25 | J58: =G58*F58*E58 -> 0.24375 | K58: =SUM(J58:J70)*1.3 -> 7.908225 | L58: m3
D59: Sala 1 - 1° piso | E59: 3.25 | F59: 0.3 | G59: 0.25 | J59: =G59*F59*E59 -> 0.24375
D60: Sala 1 - 1° piso | E60: 3.1 | F60: 0.3 | G60: 0.25 | J60: =G60*F60*E60 -> 0.2325
D61: Antiga cozinha 1° piso | E61: 5.6 | F61: 0.3 | G61: 0.25 | J61: =G61*F61*E61 -> 0.42
D62: Fosso elevador | E62: 1.95 | F62: 1.3 | G62: 1.95 | J62: =G62*F62*E62 -> 4.94325
D63: Taxa empolamento 30% | J63: =G63*F63*E63 -> 0
J64: =G64*F64*E64 -> 0
J65: =G65*F65*E65 -> 0
J66: =G66*F66*E66 -> 0
J67: =G67*F67*E67 -> 0
J68: =G68*F68*E68 -> 0
J69: =G69*F69*E69 -> 0
J70: =G70*F70*E70 -> 0
A72: 2.6 | B72: APILOAMENTO FUNDO DE VALA | D72: Sala 1° piso | E72: 3.25 | G72: 0.25 | J72: =G72*E72 -> 0.8125 | K72: =SUM(J72:J84) -> 7.6025 | L72: m2
D73: Sala 1° piso | E73: 3.25 | G73: 0.25 | J73: =G73*E73 -> 0.8125
D74: Sala 1° piso | E74: 3.1 | G74: 0.25 | J74: =G74*E74 -> 0.775
D75: Antiga cozinha 1° piso | E75: 5.6 | G75: 0.25 | J75: =G75*E75 -> 1.4
D76: Fosso elevador | E76: 1.95 | G76: 1.95 | J76: =G76*E76 -> 3.8025
J77: =G77*E77 -> 0
J78: =G78*E78 -> 0
J79: =G79*E79 -> 0
J80: =G80*E80 -> 0
J81: =G81*E81 -> 0
J82: =G82*E82 -> 0
J83: =G83*E83 -> 0
J84: =G84*E84 -> 0
A86: 2.7 | B86: TRASNPORTE DEMOLIÇÃO | D86: Material demolido | J86: =K58+K56+K19+(K106*0.1) -> 26.371925 | K86: =J86 -> 26.371925 | L86: M3
A88: 2.8 | B88: TRASNPORTE EM CAÇAMBA | D88: Material demolido | J88: =J86 -> 26.371925 | K88: =J88 -> 26.371925 | L88: M3
A90: 2.9 | B90: REMOÇÃO TELHA FIBROCIMENTO | D90: Cobertura garagem (ret. Auto cad) | J90: 69.84 | K90: =J90 -> 69.84 | L90: m2
A92: 2.1 | B92: REMOÇÃO MANUAL FOLHA PORTA ou JANELA MADEIRA/METALICA | D92: Portas 0.70 1° pavimento 4x | F92: 2.1 | G92: 0.7 | H92: 4 | J92: =F92*G92*H92 -> 5.88 | K92: =SUM(J92:J97) -> 18.16 | L92: m2
D93: Portas 0.80 1° pavimento 2x | F93: 2.1 | G93: 0.8 | H93: 2 | J93: =F93*G93*H93 -> 3.36
D94: Portas 0.70 2° pavimento 4x | F94: 2.1 | G94: 0.7 | H94: 4 | J94: =F94*G94*H94 -> 5.88
D95: Portas 0.80 1° pavimento 1x | F95: 2.1 | G95: 0.8 | H95: 1 | J95: =F95*G95*H95 -> 1.68
D96: Janela hall escada | F96: 1.7 | G96: 0.8 | H96: 1 | J96: =F96*G96*H96 -> 1.36
J97: =G97*E97*F97 -> 0
A99: 2.11 | B99: REMOÇÃO MANUAL MARCO PORTA MADEIRA/METALICA | D99: Portas 0.70 1° pavimento 4x | J99: 4 | K99: =SUM(J99:J102) -> 11 | L99: m2
D100: Portas 0.80 1° pavimento 2x | J100: 2
D101: Portas 0.70 2° pavimento 4x | J101: 4
D102: Portas 0.80 1° pavimento 1x | J102: 1
A104: 2.12 | B104: REMOÇÃO TELHA METALICA OU PVC | D104: Cobertura (ret. Auto cad) | J104: 215.92 | K104: =J104 -> 215.92 | L104: m2
A106: 2.13 | B106: DEMOLIÇÃO PISO CIMENTADO | D106: Garagem (ret. Auto cad) | J106: 80.3 | K106: =J106 -> 80.3 | L106: m2
A108: 3 | B108: ALVENARIAS
A110: 3.1 | B110: ALVENÁRIA DE VEDAÇÃO ESP. 14 CM | D110: Sala 1 - 1° Piso | E110: 3.25 | F110: 2.95 | I110: =1.2*1.2 -> 1.44 | J110: =(E110*F110)-I110 -> 8.1475 | K110: =SUM(J110:J124) -> 202.3225 | L110: m2
D111: Sala 1 - 1° Piso | E111: 3.1 | F111: 2.95 | I111: =0.8*2.1 -> 1.68 | J111: =(E111*F111)-I111 -> 7.465
D112: Sala 2 - 1° Piso | E112: 3.1 | F112: 2.95 | I112: =0.8*2.1 -> 1.68 | J112: =(E112*F112)-I112 -> 7.465
D113: Sala 3 - 1° Piso | E113: 5.6 | F113: 2.95 | I113: =(2.1*0.8)+(1.2*1.2)+(1.5*1.2) -> 4.92 | J113: =(E113*F113)-I113 -> 11.6
D114: Fechamento porta sala 1° piso | E114: 0.8 | F114: 2.1 | J114: =(E114*F114)-I114 -> 1.68
D115: Fechamento porta banheiro 1° piso | E115: 0.6 | F115: 2.1 | J115: =(E115*F115)-I115 -> 1.26
D116: Fechamento porta sala 2° piso | E116: 0.8 | F116: 2.1 | J116: =(E116*F116)-I116 -> 1.68
D117: Fechamento porta banheiro 2° piso | E117: 0.6 | F117: 2.1 | J117: =(E117*F117)-I117 -> 1.26
D118: Caixa Elevador | E118: =(1.95+1.95+1.95)-0.6 -> 5.25 | F118: 10.28 | J118: =(E118*F118)-I118 -> 53.97
D119: Auditório | E119: =3.62+17.74 -> 21.36 | F119: 3.1 | I119: =((0.9*2.1)+(0.7*2.1)+((2.5*1.2)*3)+(0.3*19.07)+((0.3*2.8)*4))+(21.36*1.5) -> 53.481 | J119: =(E119*F119)-I119 -> 12.735
D120: Auditório | E120: =9.1+6.2 -> 15.3 | F120: 3.8 | I120: =((2.3*1.3)*2)+(2.5*1.2)+(1.35*1.2)+((0.3*3.5)*4)+(5.9*1.5) -> 23.65 | J120: =(E120*F120)-I120 -> 34.49
...
